Cogmind - Beta 14 @@@ ROGUE MODE // 2024.08.12 @ 03:53:16 Player: Trione Result: Exoskeleton Destroyed Performance ------------- Evolutions (9) 4500 Regions Visited (30) 6000 Robots Destroyed (531) 2655 Value Destroyed (27547) 27547 Prototype IDs (84) 1680 Alien Tech Used (10) 2000 Bonus (39784) 39784 TOTAL SCORE: 84166 Bonus ------- Triggered High Security 500 Triggered Max Security 1000 High Alert Combat Kills 10897 Follower Combat Kills 3505 Network Hubs Disabled 400 Registered with UFD 300 Met Data Miner 300 Met Warlord at Base 500 MAIN.C Attacked Warlord 500 Warlord Defense Kills 2622 Built Enhanced Grunts 300 Met R17 at Cetus 500 Used Core Reset Matrix 3000 Hacked Protovariant 500 Met R17 at Research 2000 Integrated Exoskeleton 5000 Met MAIN.C 5000 Destroyed MAIN.C Shell 5000 Friendly Fire -2040 Cogmind --------- Core Integrity 0/1600 Matter 286/300 Energy 294/450 System Corruption 3% Temperature Cool (71) Movement Walking (90) Ox1 Location -1/Command Parts ------- > --- POWER (2) -------- Quantum Reactor > --- PROPULSION (3) --- Sigix Exoskeleton > --- UTILITY (4) ------ Medium Storage Unit Advanced Targeting Computer Experimental Core Analyzer Experimental Force Field > --- WEAPON (2) ------- Sigix Shearcannon > --- INVENTORY (10) --- Energy Well (350) YI-UF0's Bottomless Matter Pit (1500) Experimental Cloaking Device Subatomic Replicator Sigix Sheargun Sigix Sheargun Core Cannon Compact Tesla Bomb Launcher Peak State ------------ > --- POWER ------------ Antimatter Reactor Quantum Reactor > --- PROPULSION ------- Sigix Exoskeleton > --- UTILITY ---------- Medium Storage Unit Energy Well Improved Armor Integrity Analyzer Experimental Force Field > --- WEAPON ----------- Sigix Sheargun Sigix Sheargun > --- INVENTORY -------- YI-UF0's Bottomless Matter Pit Experimental Core Analyzer Experimental Cloaking Device Subatomic Replicator Core Cannon Sigix Shearcannon Compact Tesla Bomb Launcher [Rating: 233] Favorites ----------- Power Quantum Reactor Engine Improved Ion Engine Power Core Enhanced Fission Core Reactor Quantum Reactor Propulsion Wheel Treads Armored Medium Treads Leg Sigix Exoskeleton Wheel Wheel Hover Unit Cooled Antigrav System Utility Huge Storage Unit Device Disposable Heat Sink Storage Huge Storage Unit Processor Experimental Signal Interpreter Hackware Improved Hacking Suite Protection Light Armor Plating Weapon Advanced KE Penetrator Energy Gun Overtuned Beamcaster Energy Cannon Enhanced Nova Cannon Ballistic Gun Advanced KE Penetrator Ballistic Cannon Mass Driver Launcher Compact Tesla Bomb Launcher Special Weapon RU-N14's Throwing Claymores v3 Impact Weapon Powered Hammer Slashing Weapon Axe Special Melee Weapon Datajack Build | -11 -10 -10 -9 -9 -9 -9 -6 -6 -6 -6 -5 -5 -5 -5 -5 -4 -4 -4 -4 -4 -4 -4 -4 -3 -3 -2 -2 -2 -1 -1 ------- Run | Yrd Mat Min Mat Sto Rec Scr Fac Low Low Dat Pro Fac Upp Upp War Pro Fac Was Fac Ext Cet Arc Hub Res Qua Res Tes Sec Acc Com Slots Evolved 18 | . . . 2 . . . 6 . . . . 2 . . . . 2 . . . . . . 2 . 2 . . 2 . Power 2 | . . . . . . . . . . . . . . . . . 1 . . . . . . . . . . . 1 . Propulsion 3 | . . . . . . . 1 . . . . 1 . . . . . . . . . . . . . 1 . . . . Utility 11 | . . . 1 . . . 4 . . . . 1 . . . . 1 . . . . . . 2 . 1 . . 1 . Weapon 2 | . . . 1 . . . 1 . . . . . . . . . . . . . . . . . . . . . . . Parts Attached 703 | 7 9 20 36 22 1 12 35 15 23 2 19 32 4 9 34 8 41 22 5 61 12 6 10 18 46 66 37 74 7 10 Power 38 | 1 1 1 3 2 . . 1 . . . . 4 . . 1 . 2 1 . 6 2 . . 1 1 7 . 2 2 . Engine 9 | 1 1 1 3 2 . . 1 . . . . . . . . . . . . . . . . . . . . . . . Core 8 | . . . . . . . . . . . . 4 . . 1 . 1 . . 2 . . . . . . . . . . Reactor 21 | . . . . . . . . . . . . . . . . . 1 1 . 4 2 . . 1 1 7 . 2 2 . Propulsion 85 | 2 4 2 13 10 . 2 5 . 1 . 1 7 . 1 3 2 5 . 1 8 3 . . . 2 4 4 5 . . Treads 45 | . 2 . 5 5 . . 1 . . . . 2 . . . 2 2 . . 8 3 . . . 2 4 4 5 . . Leg 1 | . . . . . . . . . . . . . . . 1 . . . . . . . . . . . . . . . Wheel 38 | 2 2 2 8 5 . 2 4 . 1 . 1 5 . 1 1 . 3 . 1 . . . . . . . . . . . Hover 1 | . . . . . . . . . . . . . . . 1 . . . . . . . . . . . . . . . Flight . | . . . . . . . . . . . . . . . . . . . . . . . . . . . . . . . Utility 297 | 2 1 5 10 4 . 6 12 11 2 . 4 13 2 5 12 4 19 8 2 24 2 6 7 9 27 39 20 35 3 3 Device 180 | 1 . 2 6 3 . 4 6 8 2 . 2 9 . 2 3 3 11 6 2 14 1 4 3 7 17 27 13 22 . 2 Storage 12 | 1 1 1 . . . 1 . . . . . . . . . . 1 . . . . . . . . . 2 3 2 . Processor 24 | . . 1 . . . . 2 . . . . 1 . . 2 . 5 2 . . . . . . 2 3 . 4 1 1 Hackware 7 | . . . 2 . . . . . . . . . . . 1 . 1 . . 1 . . 2 . . . . . . . Protection 74 | . . 1 2 1 . 1 4 3 . . 2 3 2 3 6 1 1 . . 9 1 2 2 2 8 9 5 6 . . Artifact . | . . . . . . . . . . . . . . . . . . . . . . . . . . . . . . . Weapon 283 | 2 3 12 10 6 1 4 17 4 20 2 14 8 2 3 18 2 15 13 2 23 5 . 3 8 16 16 13 32 2 7 Energy Gun 36 | . 1 4 1 . . . 1 . 2 . 1 1 1 . 1 . 3 5 . 3 . . . . . 2 1 5 1 3 Energy Cannon 70 | . . 4 4 2 . . 2 1 3 . 2 2 . 1 1 . 5 2 . 3 1 . . 2 6 10 4 10 1 4 Ballistic Gun 60 | 2 1 . 2 1 1 . 4 2 8 1 5 1 1 . 2 . . 1 . 8 4 . 1 3 2 . 3 7 . . Ballistic Cannon 35 | . 1 . 2 2 . . 3 . 3 . 1 1 . 2 4 . 4 . 1 . . . 1 3 5 1 1 . . . Launcher 57 | . . 4 1 1 . . 3 1 4 . 5 3 . . 3 1 3 5 1 4 . . 1 . 2 2 3 10 . . Special Weapon 4 | . . . . . . . . . . . . . . . 3 . . . . . . . . . . 1 . . . . Impact Weapon 7 | . . . . . . 3 3 . . . . . . . . . . . . . . . . . . . 1 . . . Slashing Weapon 5 | . . . . . . . . . . . . . . . 3 1 . . . . . . . . 1 . . . . . Piercing Weapon . | . . . . . . . . . . . . . . . . . . . . . . . . . . . . . . . Special Melee Weapon 9 | . . . . . . 1 1 . . 1 . . . . 1 . . . . 5 . . . . . . . . . . Unidentified Prototypes 43 | . . 1 3 . . . 1 . . . . 1 . . 8 . 3 . . 2 3 . 1 . 3 2 12 3 . . Corrupted Parts 1 | . . 1 . . . . . . . . . . . . . . . . . . . . . . . . . . . . System Corruption 9 | . . 9 . . . . . . . . . . . . . . . . . . . . . . . . . . . . Parts Lost 69 | . 2 2 5 3 . . 5 . 3 . . 3 . 9 7 1 6 . 1 6 . . 1 . . 13 . 1 . 1 Power 5 | . . . 1 . . . . . . . . 1 . . . . . . . 1 . . . . . 2 . . . . Propulsion 15 | . 2 . 2 1 . . 1 . 1 . . . . 2 . 1 3 . . 2 . . . . . . . . . . Utility 26 | . . 1 . 1 . . 3 . . . . 2 . 4 4 . 1 . 1 1 . . . . . 7 . . . 1 Weapon 23 | . . 1 2 1 . . 1 . 2 . . . . 3 3 . 2 . . 2 . . 1 . . 4 . 1 . . Highest Loss Streak 7 | . 2 1 3 1 . . 2 . 2 . . 2 . 6 6 1 2 . 1 3 . . 1 . . 7 . 1 . 1 To Critical Strikes . | . . . . . . . . . . . . . . . . . . . . . . . . . . . . . . . Average Slot Usage (%) 91 | . 99 99 98 99 100 99 92 92 88 66 89 90 87 79 85 79 95 99 100 96 89 88 88 89 89 86 83 79 79 66 Engine 4 | . 14 14 11 11 11 11 6 6 6 6 6 . . . . . . . . . . . . . . . . . . . Core 1 | . . . . . . . . . . . . 4 5 5 5 5 7 5 5 3 . . . . . . . . . . Reactor 3 | . . . . . . . . . . . . . . . . . 2 5 5 6 10 10 10 9 9 7 4 5 17 9 Treads 6 | . 2 . 1 2 . . 3 . . . . 5 5 1 . 5 15 10 10 18 10 10 10 9 9 13 12 10 . . Wheel 10 | . 25 28 20 19 22 22 16 20 15 13 19 12 11 10 10 7 3 10 10 2 . . . . . . . . . . Device 14 | . 14 10 11 17 11 11 17 18 19 20 19 19 17 14 15 13 17 20 21 14 10 10 9 16 12 13 14 11 . 4 Storage 7 | . 14 14 11 11 11 11 6 6 6 6 6 5 5 5 5 5 5 5 5 5 5 5 5 4 4 4 7 5 18 10 Processor 9 | . . 3 . . . . 6 6 6 6 6 5 11 11 11 17 18 15 15 15 15 15 15 14 14 16 16 14 16 20 Hackware 2 | . . . 1 . . . . . . . . . . . . . 4 5 5 1 5 2 9 9 9 8 8 4 . . Protection 6 | . . . 8 3 11 10 7 6 6 6 5 9 4 6 10 5 . . . 6 10 12 6 6 10 6 2 7 . . Energy Gun 3 | . 9 16 7 . . . 1 6 2 . 4 8 11 2 . . 4 8 8 4 . . . . . 2 . 2 18 9 Energy Cannon 4 | . . 11 15 22 22 . 2 . 4 . 3 6 . 1 . . 6 . . 3 5 5 2 . 3 5 11 9 . 3 Ballistic Gun 6 | . 8 . 6 3 11 . 16 13 10 . 5 4 5 3 . . . 3 5 8 15 15 15 12 12 4 2 2 . . Ballistic Cannon 3 | . 9 . 2 7 . . 1 . 2 . . . 5 12 15 7 6 5 6 3 . . 1 5 1 1 . . . . Impact Weapon 2 | . . . . . . 21 2 6 4 . . . . . . . . . . . . . . . . . . . . . Special Melee Weapon 1 | . . . . . . 11 . . . 5 6 . . . 1 . . . . . . . . . . . . . . . Peak Build Rating 233 | 7 10 20 25 25 23 30 58 68 59 49 57 86 85 89 100 100 126 124 120 127 140 146 148 161 176 185 215 225 233 232 Average Rating 95 | 4 8 11 19 22 23 22 50 59 55 32 53 73 84 79 85 91 115 118 119 114 133 142 140 158 163 173 193 201 227 225 On Entrance 92 | . 7 10 12 21 23 23 26 57 51 55 44 56 76 84 81 91 86 114 120 120 112 140 146 148 161 169 169 213 217 226 Naked Turns . | . . . . . . . . . . . . . . . . . . . . . . . . . . . . . . . Heaviest Build 196 | 13 92 93 108 104 101 98 118 130 121 106 123 141 137 141 173 166 154 143 146 171 168 175 173 183 181 188 179 196 77 54 Greatest Support 210 | 26 26 32 32 46 20 20 36 36 42 32 42 48 44 56 56 56 111 20 20 104 150 150 150 162 160 200 210 210 60 60 Greatest Overweight (x) 14 | . 3 3 10 5 5 4 5 3 4 3 2 3 3 3 4 4 14 7 7 7 1 1 1 1 1 1 . 1 1 . Average Overweight (x) 2 | . 2 2 4 4 5 4 3 3 2 3 2 2 3 2 2 2 3 6 7 2 . 1 . . . . . . . . Largest Inventory Capacity 25 | 8 25 25 25 25 25 25 25 25 25 25 25 25 25 25 25 25 25 25 25 25 25 25 25 25 25 25 25 25 10 10 Average Capacity 24 | 7 19 25 25 25 25 25 25 25 25 25 25 25 25 25 25 25 25 25 25 25 25 25 25 25 25 25 25 22 10 10 Most Carried 25 | 6 22 25 25 25 25 25 25 25 25 25 25 25 25 25 25 25 25 25 25 25 25 25 25 25 25 25 25 25 10 10 Average Carried 23 | 3 13 23 24 24 24 24 21 24 24 16 24 24 25 22 22 23 24 24 24 24 24 24 24 24 24 24 24 21 9 9 Final Capacity 25 | 8 25 25 25 25 25 25 25 25 25 25 25 25 25 25 25 25 25 25 25 25 25 25 25 25 25 25 25 10 10 10 Final Carried 25 | 6 22 24 25 24 25 25 25 25 23 25 25 25 25 22 25 24 25 25 25 25 25 25 25 25 25 24 25 10 10 9 Class Distribution -------------------- 22% | Scavenger-Gunner 19% | Scavenger-Mutant 16% | Scavenger-Tank 15% | Scavenger-Skirmisher 4% | Scavenger-Scrapper 3% | Tank 3% | Derelict-Tank Dominant Class ---------------- Scavenger-Mutant | -10/Materials Scavenger-Mutant | -10/Mines Tank | -9/Materials Scavenger-Gunner | -9/Storage Scavenger-Tank | -9/Recycling Scavenger-Mutant | -9/Scraptown Scavenger-Tank | -6/Factory Scavenger-Scrapper | -6/Lower Caves Scavenger-Tank | -6/Lower Caves Scavenger-Mutant | -6/Data Miner Scavenger-Tank | -5/Proximity Caves Scavenger-Tank | -5/Factory Scavenger-Tank | -5/Upper Caves Derelict-Tank | -5/Upper Caves Derelict-Tank | -5/Warlord Scavenger-Mutant | -4/Proximity Caves Scavenger-Gunner | -4/Factory Scavenger-Gunner | -4/Waste Scavenger-Gunner | -4/Factory Scavenger-Gunner | -4/Extension Commander-Gunner | -4/Cetus Scavenger-Gunner | -4/Archives Scavenger-Skirmisher | -4/Hub_04(d) Scavenger-Skirmisher | -3/Research Scavenger-Skirmisher | -3/Quarantine Scavenger-Gunner | -2/Research Scavenger-Gunner | -2/Testing Hacker-Gunner | -2/Section 7 Alien-Sigix | -1/Access Alien-Sigix | -1/Command Resources | -11 -10 -10 -9 -9 -9 -9 -6 -6 -6 -6 -5 -5 -5 -5 -5 -4 -4 -4 -4 -4 -4 -4 -4 -3 -3 -2 -2 -2 -1 -1 ----------- Run | Yrd Mat Min Mat Sto Rec Scr Fac Low Low Dat Pro Fac Upp Upp War Pro Fac Was Fac Ext Cet Arc Hub Res Qua Res Tes Sec Acc Com Matter Collected 20883 | 278 627 448 1680 750 50 192 1236 240 566 . 781 533 227 581 617 273 1204 867 160 2462 270 288 193 344 859 1984 568 2544 35 26 Remotely 346 | . . . . . . . . . . . . 50 . . 296 . . . . . . . . . . . . . . . Salvage Created 31285 | 118 673 362 1478 1081 143 . 1520 358 479 . 293 1143 210 432 626 90 1487 1263 135 2730 299 473 509 . 1172 2369 1186 8714 627 1315 Parts 1276 | 7 51 15 74 70 9 . 59 11 15 . 16 38 6 10 25 7 50 6 7 101 15 23 16 . 79 110 43 357 29 27 Haulers Intercepted 16 | . 2 . 5 6 . . . . . . . . . . . . . . . . . . 1 . . 2 . . . . Recyclers Shooed 20 | . 5 1 1 1 . . 4 . . . . 5 . . . . 1 . . 1 . . . . . 1 . . . . Parts Field Recycled . | . . . . . . . . . . . . . . . . . . . . . . . . . . . . . . . Retrieved Matter . | . . . . . . . . . . . . . . . . . . . . . . . . . . . . . . . Parts Self-Destructed 54 | . . . . . . . . 7 12 . 12 . 5 13 . 5 . . . . . . . . . . . . . . Prevented . | . . . . . . . . . . . . . . . . . . . . . . . . . . . . . . . Kills | -11 -10 -10 -9 -9 -9 -9 -6 -6 -6 -6 -5 -5 -5 -5 -5 -4 -4 -4 -4 -4 -4 -4 -4 -3 -3 -2 -2 -2 -1 -1 ------- Run | Yrd Mat Min Mat Sto Rec Scr Fac Low Low Dat Pro Fac Upp Upp War Pro Fac Was Fac Ext Cet Arc Hub Res Qua Res Tes Sec Acc Com Combat Hostiles Destroyed 418 | . 15 8 20 25 3 . 14 6 13 . 7 13 3 6 18 6 20 6 4 37 3 3 4 . 18 34 10 110 5 7 Guns 176 | . 11 1 11 5 1 . 9 6 2 . 3 6 1 1 . . 4 2 1 24 3 3 3 . 12 19 5 38 5 . Cannons 84 | . 4 . 8 15 2 . 2 . 1 . . 4 2 5 6 1 7 3 1 3 . . . . 4 9 . . . 7 AOE 109 | . . 7 1 5 . . 3 . 10 . 4 3 . . 10 5 2 1 2 8 . . . . 1 5 1 41 . . Classes Destroyed 32 | 2 6 . 2 1 . . 4 . 1 . 2 . . . 3 . . 1 1 3 . . . . 1 . 1 4 . . Worker 19 | . 1 . 2 1 . . 2 . . . . . . . . . 4 . . 2 . . 3 . 2 1 . 1 . . Builder 18 | . . . 1 3 . . 2 . . . . 1 . . . . . . . 2 . . . . 3 2 1 3 . . Tunneler 4 | 1 . 1 . . . . 1 . . . . . . . . . . . . 1 . . . . . . . . . . Hauler 16 | . 2 . 5 6 . . . . . . . . . . . . . . . . . . 1 . . 2 . . . . Recycler 28 | 1 3 2 4 1 . . 7 . . . . 4 . . . . 1 . . 2 . . . . . 1 . 1 1 . Carrier 4 | . . . . . . . . . . . . . . . . . . . . . . . . . . . . 4 . . Minesweeper 1 | . . . . . . . . . . . 1 . . . . . . . . . . . . . . . . . . . Mechanic 12 | . . . . 1 . . . . 1 . . . . . . . . . . 2 . . . . . . . 8 . . Operator 11 | . 2 . . 1 . . 1 . . . . . . . . . . . . . . 6 . . . 1 . . . . Drone 1 | . . . . . . . . . . . 1 . . . . . . . . . . . . . . . . . . . Watcher 22 | . 3 . 4 . . . 1 . . . . 1 . . . . 1 . . 1 2 . . . 2 2 2 2 1 . Swarmer 65 | . 9 6 3 6 . . 3 . 5 . 5 4 . . . 5 . . 2 . . . . . 3 4 . 10 . . Cutter 2 | . . . . . . . . . . . . . . . . . . . . . . . . . . . . 2 . . Saboteur 2 | . . . . . . . . . . . . . . . . . . . . . . . . . . . . 2 . . Grunt 146 | . 6 2 11 12 . . 4 3 3 . 1 6 2 . 9 . 10 . . 19 . . 3 . . 7 3 45 . . Brawler 7 | . . . . . . . 1 . 2 . . 1 . . . . . . . 1 . . . . . . . 2 . . Duelist 17 | . . . . . . . 1 . 2 . . . . . . . 2 . . 2 . . . . . 2 1 7 . . Protector 5 | . . . . . . . . . . . . . . . . . . . . 1 . . . . . . . 4 . . Sentry 41 | . . . 6 7 3 . 3 . 1 . . . 1 1 . 1 1 . . 5 . 3 1 . . 1 . 3 4 . Demolisher 1 | . . . . . . . . . . . . . . . . . . . . 1 . . . . . . . . . . Specialist 4 | . . . . . . . . . . . . . . . 1 . . . . 1 . . . . . 2 . . . . Hunter 22 | . . . . . . . 1 . . . . . . 2 . . 2 . 1 4 . . . . 2 2 . 8 . . Programmer 68 | . . . . . . . 1 . . . . 2 . 3 4 . 5 . . 2 . . . . 12 15 5 18 1 . Heavy 2 | . . . . . . . . . . . . . . . . . . . 1 . . . . . . . . 1 . . Behemoth 2 | . . . . . . . . . . . . . . . . . . . . 1 . . . . . 1 . . . . Compactor 6 | . . . . . . . . . . . . . . . . . . 6 . . . . . . . . . . . . Cetus Guard 3 | . . . . . . . . . . . . . . . . . . . . . 3 . . . . . . . . . M Shell/Atk 2 | . . . . . . . . . . . . . . . . . . . . . . . . . . . . . . 2 M Shell/Def 4 | . . . . . . . . . . . . . . . . . . . . . . . . . . . . . . 4 Investigator 1 | . . . . . . . . . . . . . . . . . . . . . . . . . . . . 1 . . Striker 6 | . . . . . . . . . . . . . . . 2 . . . . . . . . . . . . 4 . . Executioner 6 | . . . . . . . . . . . . . . . 2 . . . . . . . . . . . . 4 . . Alpha 7 1 | . . . . . . . . . . . . . . . . . . . . . . . . . 1 . . . . . Fortress 1 | . . . . . . . . . . . . . . . . . . . . . . . . . . . 1 . . . Decomposer 1 | . . . . . . . . . 1 . . . . . . . . . . . . . . . . . . . . . Packrat 1 | . . . . . . . . . . . . . . 1 . . . . . . . . . . . . . . . . Samaritan 2 | . . . . . . . . . 2 . . . . . . . . . . . . . . . . . . . . . Thug 3 | . . . . . . . . 3 . . . . . . . . . . . . . . . . . . . . . . Guerrilla 1 | . . . . . . . . . . . . . . . . . . . . . . . 1 . . . . . . . Best Kill Streak 21 | 2 4 5 4 8 1 . 7 3 7 . 4 7 2 2 8 6 4 2 2 11 3 3 7 . 6 6 7 21 7 7 Combat Bots Only 16 | . 3 3 3 7 1 . 4 3 7 . 4 4 2 2 8 6 4 2 2 7 2 2 3 . 4 4 4 16 5 7 Max Kills in Single Turn 7 | 1 2 3 2 2 1 . 2 1 3 . 3 2 1 1 3 3 2 1 2 2 1 1 5 . 2 3 3 7 2 2 Gunslinging 1 | . 1 . 1 . . . . . . . . . . . . . . . . 1 . . 1 . 1 . . . . . Exploded 6 | . . 3 1 2 . . 2 . 3 . 3 2 . . 3 3 2 1 2 2 . . . . 1 2 1 6 . . Melee . | . . . . . . . . . . . . . . . . . . . . . . . . . . . . . . . Uniques/NPCs Destroyed 2 | . . 1 . . . . . . . . . . . . . . . . . . . . . . . . . . . 1 YI-UF0 (-10/Mines) MAIN.C Shell (-1/Command) Combat | -11 -10 -10 -9 -9 -9 -9 -6 -6 -6 -6 -5 -5 -5 -5 -5 -4 -4 -4 -4 -4 -4 -4 -4 -3 -3 -2 -2 -2 -1 -1 -------- Run | Yrd Mat Min Mat Sto Rec Scr Fac Low Low Dat Pro Fac Upp Upp War Pro Fac Was Fac Ext Cet Arc Hub Res Qua Res Tes Sec Acc Com Hostile Shots Fired 2441 | . 78 13 82 79 10 . 82 9 42 . 6 61 15 72 94 47 187 . 1 333 2 15 4 12 108 290 41 539 66 153 Missed 690 | . 15 5 19 22 2 . 28 1 12 . 3 11 3 12 21 13 71 . . 121 1 6 1 6 18 56 8 154 25 56 Damage Taken 30711 | . 585 106 732 700 132 . 667 168 898 . 46 937 231 1150 1527 634 2245 . 34 3591 12 240 287 135 1979 5560 704 4134 553 2724 Core 3394 | . 147 12 120 129 36 . 45 . 65 . . 112 . 112 159 31 222 . . 108 . . 25 . 41 313 54 628 154 881 Absorbed by Shields 3979 | . . . . . . . . . . . . . . . . . . . . 546 11 . . 98 . 616 . 2664 . 44 Reduced by Siege Mode 762 | . . . . . . . . . . . . . . . . . . . . . . . 8 . 135 330 53 236 . . Redirected to Shielding 158 | . . . . . . . . . . . . . . . 108 . . . . . . . . . . . 22 28 . . Ignored by Resistances 7158 | . . . . . . . . . . . . . . . . . . . . . . . . . . . 93 3674 574 2817 Regen/Repaired (Parts) 3236 | . . . . 44 . . 22 21 7 . 27 26 . . 75 . . 69 . 137 38 30 8 39 749 406 531 1007 . . Core Remaining (%) 62 | 100 . 36 . . . 28 . . . . 87 . . . . 58 . . . . . . 69 . 96 . . 24 . . Volleys Fired 1456 | 4 93 23 68 59 6 . 44 24 47 . 20 52 26 39 21 24 98 31 12 144 9 47 14 12 85 156 24 229 16 29 Largest 4 | 2 2 2 3 3 3 . 4 3 3 . 3 4 3 4 4 1 4 4 4 4 4 4 4 4 4 4 2 4 2 1 Hottest 434 | 40 100 125 185 180 160 . 172 172 172 . 222 320 197 266 213 90 291 275 218 270 193 195 138 193 249 371 188 434 300 300 Shots Fired 2747 | 8 184 36 181 159 19 . 129 51 87 . 27 95 46 95 42 24 168 56 25 379 33 78 23 16 166 272 27 266 26 29 Gun 1414 | 8 141 18 94 18 7 . 91 51 57 . 20 71 31 22 5 . 49 18 7 260 27 45 14 3 86 124 6 110 25 6 Cannon 1135 | . 43 9 86 134 12 . 31 . 18 . 3 21 15 73 27 20 112 23 16 94 6 33 7 13 79 139 18 79 1 23 Launcher 190 | . . 9 1 7 . . 7 . 12 . 4 3 . . 5 4 7 15 2 25 . . 2 . 1 6 3 77 . . Special 8 | . . . . . . . . . . . . . . . 5 . . . . . . . . . . 3 . . . . Kinetic 1376 | 8 146 . 42 48 7 . 96 32 52 . 7 43 26 71 32 20 76 25 20 248 27 45 19 16 105 90 6 69 . . Thermal 938 | . 38 17 127 104 12 . 11 19 19 . 16 49 20 16 . . 49 12 3 104 6 33 2 . 60 150 15 52 1 3 Explosive 112 | . . 9 1 7 . . 7 . 12 . 4 3 . . 6 4 . 15 2 14 . . 2 . 1 7 . 18 . . Electromagnetic 206 | . . 10 11 . . . 15 . 4 . . . . 8 4 . 43 . . 11 . . . . . 13 6 81 . . Slashing 92 | . . . . . . . . . . . . . . . . . . . . . . . . . . . . 41 25 26 Entropic 23 | . . . . . . . . . . . . . . . . . . 4 . 2 . . . . . 12 . 5 . . Robot Hit Streak 35 | 7 11 15 17 10 9 . 15 6 17 . 10 14 15 5 7 4 17 12 4 12 7 8 4 6 31 35 19 28 12 28 Robot Miss Streak 8 | . 8 1 5 6 2 . 4 4 2 . 2 2 3 4 5 1 3 2 1 5 1 3 1 . 3 4 1 5 3 5 Penetration Max 2 | . . . . . . . 1 . . . . 2 . . . . . 1 . 1 1 1 . . 1 1 . 2 1 1 Secondary Targets 14 | . 3 . 2 . . . . 1 . . . . . . . . . . . 3 . . 1 . 1 1 . . 2 . Max Gunslinging Chain 1 | . 1 . 1 . . . . 1 . . . . . . . . . . . 1 . . 1 . 1 1 . . 1 . Shots Hit Robots 1549 | 7 107 25 98 92 15 2 73 19 36 1 13 60 19 34 21 5 88 30 11 259 21 51 5 4 91 170 14 144 12 22 Core Hits 1137 | 4 45 17 48 56 6 . 62 11 44 . 14 29 9 13 27 8 56 12 5 131 13 23 10 1 43 78 13 287 10 62 Critical Kills 78 | . . . . . . . 2 . . . 1 3 . 1 4 . . . . 6 1 2 . . 5 8 5 40 . . Critical Parts Destroyed 110 | . 2 . . . . . 2 3 . . . 4 1 1 1 . 1 . . 4 . . 1 . 7 6 5 70 . 2 Critical Strikes 251 | . 5 2 5 . . . 6 3 4 . 2 10 2 6 5 1 5 3 . 14 1 3 1 1 13 32 10 113 1 3 Burn 29 | . 2 2 4 . . . 2 . 3 . 1 3 1 1 . . 1 . . 1 . . . . . 8 . . . . Meltdown 1 | . . . . . . . . . . . . . . . . . . . . . . . . . 1 . . . . . Destroy 193 | . 2 . . . . . 4 3 . . 1 7 1 2 5 . 1 1 . 11 1 3 1 1 11 14 10 112 . 2 Blast 15 | . 1 . . . . . . . 1 . . . . 3 . 1 3 . . 1 . . . . 1 4 . . . . Corrupt 4 | . . . 1 . . . . . . . . . . . . . . . . . . . . . . 2 . 1 . . Sever 3 | . . . . . . . . . . . . . . . . . . . . . . . . . . 1 . . 1 1 Sunder 4 | . . . . . . . . . . . . . . . . . . 2 . 1 . . . . . 1 . . . . Melee Attacks 46 | . . . . . . 2 10 . . 1 1 . . . 5 1 . . . 25 . . . . . . 1 . . . Kinetic 1 | . . . . . . . . . . . . . . . . . . . . . . . . . . . 1 . . . Impact 9 | . . . . . . . 9 . . . . . . . . . . . . . . . . . . . . . . . Slashing 5 | . . . . . . . . . . . . . . . 4 1 . . . . . . . . . . . . . . Piercing . | . . . . . . . . . . . . . . . . . . . . . . . . . . . . . . . Sneak Attacks 31 | . . . . . . 2 1 . . 1 1 . . . 1 . . . . 25 . . . . . . . . . . Combat Hostiles . | . . . . . . . . . . . . . . . . . . . . . . . . . . . . . . . Follow-up Attacks . | . . . . . . . . . . . . . . . . . . . . . . . . . . . . . . . Damage Inflicted 83043 | 56 1339 765 1828 2886 327 . 2665 597 2611 . 779 2502 527 1007 2821 437 3685 2918 820 10350 771 1525 1264 149 3648 7781 1077 19627 1288 6993 Guns 24097 | 56 840 221 979 222 102 . 1471 597 594 . 308 1637 280 224 116 . 962 318 90 5037 565 704 180 64 2464 2904 75 1799 1288 . Cannons 24819 | . 499 124 760 1754 225 . 392 . 204 . 71 448 247 783 378 98 2050 464 196 2121 206 821 . 85 1032 3481 219 1168 . 6993 Explosions 33888 | . . 420 89 910 . . 802 . 1813 . 400 417 . . 2211 339 673 2136 534 3192 . . 1084 . 147 1278 783 16660 . . Melee . | . . . . . . . . . . . . . . . . . . . . . . . . . . . . . . . Ramming 15 | . . . . . . . . . . . . . . . . . . . . . . . . . 5 10 . . . . Kinetic 21767 | 56 1068 . 362 608 102 . 1429 429 502 . 141 1136 364 680 494 98 1158 217 232 5003 565 704 180 149 2804 2175 75 1036 . . Thermal 17065 | . 271 246 1368 1368 225 . 206 168 267 . 238 949 163 200 47 . 994 205 54 2277 206 821 . . 692 3102 103 2095 . 800 Explosive 20570 | . . 420 . 910 . . 802 . 1813 . 400 417 . . 1773 339 . 2136 534 2114 . . 49 . 147 1195 . 7521 . . Electromagnetic 13409 | . . 99 98 . . . 228 . 29 . . . . 127 391 . 1533 . . 783 . . 1035 . . 365 899 7822 . . Impact . | . . . . . . . . . . . . . . . . . . . . . . . . . . . . . . . Slashing 8468 | . . . . . . . . . . . . . . . 116 . . . . . . . . . . 108 . 763 1288 6193 Piercing . | . . . . . . . . . . . . . . . . . . . . . . . . . . . . . . . Entropic 1749 | . . . . . . . . . . . . . . . . . . 360 . 173 . . . . . 826 . 390 . . Highest Corruption 34 | . . 9 3 3 3 3 4 4 4 4 4 2 2 6 6 2 6 6 6 10 10 10 . 2 12 34 34 21 1 3 Average Corruption 5 | . . 9 2 3 3 3 1 4 4 4 4 1 2 5 3 2 3 6 6 6 10 9 . 1 7 13 10 8 1 1 Corruption Purged 10 | . . . . . . . . . . . . . . . . . . . . . . 10 . . . . . . . . Corruption Blocked . | . . . . . . . . . . . . . . . . . . . . . . . . . . . . . . . Effects 638 | . . . 10 15 12 63 2 14 19 4 21 5 8 19 5 9 18 32 13 77 29 17 . 8 74 77 12 73 . 2 Message Errors 140 | . . . 2 . 4 15 1 2 5 1 4 . 5 3 1 2 8 8 5 10 5 7 . . 17 16 1 18 . . Matter Fused 150 | . . . 1 3 4 18 . 3 4 3 5 3 1 3 1 . 3 7 3 21 8 3 . 4 17 15 5 15 . . Heat Flow Errors 74 | . . . 1 2 . 9 1 2 2 . 1 1 . 3 . 3 1 5 1 9 3 2 . . 7 11 2 8 . . Energy Discharges 72 | . . . 1 1 1 9 . . 1 . 2 . . 4 1 2 1 1 1 9 6 1 . 2 8 7 2 11 . 1 Parts Rejected 9 | . . . . 2 1 . . . . . . . . . . . . . 1 3 1 . . . . . . . . 1 Parts Fused 13 | . . . 1 . . . . . . . . 1 . . . . 1 1 . 1 . 1 . . 3 4 . . . . Data Loss (minor) 90 | . . . 1 3 1 7 . 4 5 . 3 . 1 5 . . 3 7 . 12 2 1 . 1 15 8 . 11 . . Data Loss (major) 28 | . . . 1 2 . 2 . . 2 . 4 . . . 1 2 1 1 . 1 2 1 . . 1 2 2 3 . . Misfires 19 | . . . 2 . 1 . . 1 . . . . . . . . . 1 . 3 . . . 1 3 4 . 3 . . Alerts 13 | . . . . 1 . 3 . . . . 1 . . . . . . 1 2 1 2 . . . 2 . . . . . Misdirections 2 | . . . . . . . . . . . . . . . . . . . . . . . . . . 1 . 1 . . Weapon Failures 28 | . . . . 1 . . . 2 . . 1 . 1 1 1 . . . . 7 . 1 . . 1 9 . 3 . . Overload Shots . | . . . . . . . . . . . . . . . . . . . . . . . . . . . . . . . Overflow Damage 2055 | . 9 8 7 73 . . 22 . 52 . 30 52 . 40 171 52 19 . 72 116 11 51 64 . 15 140 180 551 . 320 Projectiles 759 | . 9 8 1 17 . . . . . . . 31 . 40 62 . 19 . 3 44 11 51 . . 15 89 . 39 . 320 Explosions 1296 | . . . 6 56 . . 22 . 52 . 30 21 . . 109 52 . . 69 72 . . 64 . . 51 180 512 . . Melee . | . . . . . . . . . . . . . . . . . . . . . . . . . . . . . . . Knockbacks 42 | . 6 . 1 1 . . . . . . . . . 4 . . 12 . 1 8 . . . . 2 7 . . . . Impact . | . . . . . . . . . . . . . . . . . . . . . . . . . . . . . . . Kinetic 40 | . 6 . 1 1 . . . . . . . . . 4 . . 12 . 1 6 . . . . 2 7 . . . . Secondary 2 | . . . . . . . . . . . . . . . . . . . . 2 . . . . . . . . . . Self-Inflicted Damage 593 | . . 23 43 31 . . . . 224 . . 2 . . . 43 38 . . . . . 98 . . 2 15 74 . . Shots 23 | . . 1 1 1 . . . . 6 . . 1 . . . 1 2 . . . . . 1 . . 1 1 7 . . Rammed 2 | . . . . . . . . . . . . . . . . . . . . . . . . . 1 1 . . . . Targets Rammed 2 | . . . . . . . . . . . . . . . . . . . . . . . . . 1 1 . . . . Kicked . | . . . . . . . . . . . . . . . . . . . . . . . . . . . . . . . Crushed . | . . . . . . . . . . . . . . . . . . . . . . . . . . . . . . . Highest Temperature 481 | . 156 132 297 252 188 203 276 473 246 . 205 481 113 144 428 247 408 189 132 388 236 270 112 156 230 399 299 193 25 277 Average Temperature 94 | . 49 46 93 89 92 93 78 139 90 . 94 170 42 46 159 78 108 83 42 94 113 94 45 40 81 110 153 90 25 157 Received Heat Transfer 4521 | . 108 33 291 222 27 . 135 72 93 . . 360 105 27 303 54 261 . 9 566 . 9 57 29 63 518 54 301 81 743 Effects 23 | . . . . . . . . 4 . . . 5 . . 2 . . . . 4 . . . . . 8 . . . . Shutdowns 7 | . . . . . . . . 1 . . . 2 . . . . . . . 1 . . . . . 3 . . . . Energy Bleed 3 | . . . . . . . . . . . . 1 . . 1 . . . . . . . . . . 1 . . . . Interference 10 | . . . . . . . . 3 . . . 1 . . . . . . . 3 . . . . . 3 . . . . Short Circuit 2 | . . . . . . . . . . . . 1 . . . . . . . . . . . . . 1 . . . . Damage (major) 1 | . . . . . . . . . . . . . . . 1 . . . . . . . . . . . . . . . Siege Activations 43 | . . . . . . . . . . . . . . . . . . . . . 2 . 1 1 6 13 3 17 . . Total Turns 735 | . . . . . . . . . . . . . . . . . . . . . 21 . 8 4 98 275 35 294 . . Longest Duration 52 | . . . . . . . . . . . . . . . . . . . . . 17 . 8 4 30 46 18 52 . . Robots Corrupted 46 | . . 1 . . . . . . . . . . . . 2 . 7 . . 1 . . 1 . . 1 3 30 . . Combat Hostiles 45 | . . . . . . . . . . . . . . . 2 . 7 . . 1 . . 1 . . 1 3 30 . . Parts Fried 94 | . . 2 . . . . . . . . . . . . 2 . 23 . . 3 . . 2 . . 2 7 51 2 . Impact Corruptions . | . . . . . . . . . . . . . . . . . . . . . . . . . . . . . . . Robots Melted 3 | . . . . . . . . . . . . . . . . . . . . 1 . . . . 1 . . 1 . . Combat Hostiles 3 | . . . . . . . . . . . . . . . . . . . . 1 . . . . 1 . . 1 . . Parts Melted 52 | . 1 1 2 1 2 . 5 . 4 . . 9 . . . . 4 . . 3 . 2 . . 1 15 . 2 . . Heat Transferred 23502 | . 777 703 3134 2442 370 . 550 300 774 . 474 1603 396 407 50 . 1456 296 74 2711 222 888 . . 592 3774 74 1435 . . Parts Sabotaged . | . . . . . . . . . . . . . . . . . . . . . . . . . . . . . . . Parts Stolen 2 | . . . . . . . . . 2 . . . . . . . . . . . . . . . . . . . . . Parts Stripped 18 | . . . . . . . . . . . . . . . . . . . . . . . . . . . 18 . . . Power Chain Reactions 17 | . . . 1 . . . . . . . . . . . 1 . 1 . . 4 . . . . . . 1 9 . . Alert | -11 -10 -10 -9 -9 -9 -9 -6 -6 -6 -6 -5 -5 -5 -5 -5 -4 -4 -4 -4 -4 -4 -4 -4 -3 -3 -2 -2 -2 -1 -1 ------- Run | Yrd Mat Min Mat Sto Rec Scr Fac Low Low Dat Pro Fac Upp Upp War Pro Fac Was Fac Ext Cet Arc Hub Res Qua Res Tes Sec Acc Com Peak Influence 3795 | 10 209 180 348 729 298 . 474 . . . . 810 . . . . 310 198 1153 1482 955 704 1716 938 739 806 755 3795 2721 1855 Initial 2276 | . 6 19 5 146 268 . . . . . . 471 . . . . . 92 . 483 829 372 176 900 375 305 417 351 2276 1740 Average 552 | 3 51 60 203 474 93 . 208 . . . . 669 . . . . 135 66 318 879 922 578 431 818 517 369 461 1747 2416 1770 Maximum Alert Level 5 | . 1 . 1 3 1 . 2 . . . . 3 . . . . 1 . 4 4 3 3 5 3 3 3 3 5 5 5 Low Security (%) 33 | 100 96 100 50 10 87 . 48 . . . . . . . . . 82 100 63 . . . 14 . . 37 11 . . . Level 1 13 | . 3 . 49 13 12 . 43 . . . . . . . . . 17 . 6 . . 4 26 . 22 15 15 2 . . Level 2 28 | . . . . 75 . . 8 . . . . 71 . . . . . . 3 27 . 94 57 11 73 36 71 11 . . Level 3 16 | . . . . . . . . . . . . 28 . . . . . . 24 43 100 . . 88 3 10 2 31 . . Level 4 3 | . . . . . . . . . . . . . . . . . . . 1 28 . . . . . . . 7 . . Level 5 1 | . . . . . . . . . . . . . . . . . . . . . . . . . . . . . 53 100 High Security 3 | . . . . . . . . . . . . . . . . . . . . . . . . . . . . 45 . . Max Security . | . . . . . . . . . . . . . . . . . . . . . . . . . . . . . 46 . Squads Dispatched 120 | . 3 . 2 4 . . 5 . 1 . . 3 . . . . 4 . 2 8 . . 4 6 4 11 6 43 14 . Investigation 7 | . 1 . . 1 . . . . . . . . . . . . . . . . . . 2 3 . . . . . . Extermination 24 | . . . . . . . 2 . . . . 2 . . . . 3 . . . . . 1 . 4 6 3 3 . . Reinforcement 28 | . 2 . 2 1 . . 2 . . . . 1 . . . . 1 . 2 2 . . . 3 . 4 2 5 1 . Assault 60 | . . . . 2 . . 1 . 1 . . . . . . . . . . 6 . . 1 . . 1 1 35 12 . Garrison 1 | . . . . . . . . . . . . . . . . . . . . . . . . . . . . . 1 . Intercept . | . . . . . . . . . . . . . . . . . . . . . . . . . . . . . . . Searches Triggered 1 | . . . . . . . . . . . . 1 . . . . . . . . . . . . . . . . . . Construction Impeded 4 | . . . . . . . . . . . . 1 . . . . . . . 2 . . . . . . . 1 . . Haulers Reinforced 3 | . . . . . . . . . . . . . . . . . . . 1 . . . . 1 . 1 . . . . Active Scanning Responses . | . . . . . . . . . . . . . . . . . . . . . . . . . . . . . . . Cargo Convoy Interrupts 1 | . . . . . . . 1 . . . . . . . . . . . . . . . . . . . . . . . Stealth | -11 -10 -10 -9 -9 -9 -9 -6 -6 -6 -6 -5 -5 -5 -5 -5 -4 -4 -4 -4 -4 -4 -4 -4 -3 -3 -2 -2 -2 -1 -1 --------- Run | Yrd Mat Min Mat Sto Rec Scr Fac Low Low Dat Pro Fac Upp Upp War Pro Fac Was Fac Ext Cet Arc Hub Res Qua Res Tes Sec Acc Com Distress Signals 29 | . 1 . 2 2 . . 2 . . . . . . . . . . . 2 4 2 . 4 4 . 1 2 3 . . Communications Jammed 300 | . . . . . . . . . . . . . . . . . 1 . . 118 . . 87 . 31 63 . . . . Distress Signals 297 | . . . . . . . . . . . . . . . . . 1 . . 118 . . 86 . 31 61 . . . . Times Spotted 765 | . 34 8 31 34 3 . 19 7 14 . 13 17 3 6 31 7 29 7 12 88 11 20 26 6 26 48 11 218 24 12 Peak Tracking Total 33 | . 4 3 4 10 1 . 6 4 7 . 5 5 1 3 13 7 5 2 5 10 5 1 5 4 3 7 5 33 24 9 Tactical Retreats 42 | . . . 3 1 . . 3 . 2 . 2 2 . . . 1 4 1 . 6 . . . . . 1 . 13 3 . Traps | -11 -10 -10 -9 -9 -9 -9 -6 -6 -6 -6 -5 -5 -5 -5 -5 -4 -4 -4 -4 -4 -4 -4 -4 -3 -3 -2 -2 -2 -1 -1 ------- Run | Yrd Mat Min Mat Sto Rec Scr Fac Low Low Dat Pro Fac Upp Upp War Pro Fac Was Fac Ext Cet Arc Hub Res Qua Res Tes Sec Acc Com Traps Triggered 19 | . 1 . 2 2 . . 2 . . . . 1 . . . . 2 . . 2 . . 1 2 . 2 . 1 1 . Indirectly 2 | . . . . . . . . . . . . . . . . . . . . . . . 1 . . . . 1 . . Trap Hack Attempts . | . . . . . . . . . . . . . . . . . . . . . . . . . . . . . . . Triggered . | . . . . . . . . . . . . . . . . . . . . . . . . . . . . . . . Disarmed . | . . . . . . . . . . . . . . . . . . . . . . . . . . . . . . . Reprogrammed . | . . . . . . . . . . . . . . . . . . . . . . . . . . . . . . . Reused . | . . . . . . . . . . . . . . . . . . . . . . . . . . . . . . . Traps Extracted . | . . . . . . . . . . . . . . . . . . . . . . . . . . . . . . . Installed . | . . . . . . . . . . . . . . . . . . . . . . . . . . . . . . . Triggered 18 | . . . . . . . 2 . . . . . . 2 14 . . . . . . . . . . . . . . . Machines | -11 -10 -10 -9 -9 -9 -9 -6 -6 -6 -6 -5 -5 -5 -5 -5 -4 -4 -4 -4 -4 -4 -4 -4 -3 -3 -2 -2 -2 -1 -1 ---------- Run | Yrd Mat Min Mat Sto Rec Scr Fac Low Low Dat Pro Fac Upp Upp War Pro Fac Was Fac Ext Cet Arc Hub Res Qua Res Tes Sec Acc Com Machines Disabled 128 | . 1 . . 2 . . 10 . 1 . . 7 . . 1 . 5 . 10 6 . 4 28 . 9 2 9 29 3 1 Max in Single Turn 26 | . 1 . . 1 . . 4 . 1 . . 2 . . 1 . 2 . . 2 . 2 26 . 1 1 7 4 2 1 Garrison Access 5 | . . . . . . . 1 . . . . . . . . . 1 . 1 . . . 2 . . . . . . . Network Hub 2 | . . . . . . . . . . . . . . . . . . . . . . . 2 . . . . . . . Machines Repaired . | . . . . . . . . . . . . . . . . . . . . . . . . . . . . . . . Machines Dismantled . | . . . . . . . . . . . . . . . . . . . . . . . . . . . . . . . Machines Sabotaged . | . . . . . . . . . . . . . . . . . . . . . . . . . . . . . . . Overloaded Fab Kills . | . . . . . . . . . . . . . . . . . . . . . . . . . . . . . . . Hacking | -11 -10 -10 -9 -9 -9 -9 -6 -6 -6 -6 -5 -5 -5 -5 -5 -4 -4 -4 -4 -4 -4 -4 -4 -3 -3 -2 -2 -2 -1 -1 --------- Run | Yrd Mat Min Mat Sto Rec Scr Fac Low Low Dat Pro Fac Upp Upp War Pro Fac Was Fac Ext Cet Arc Hub Res Qua Res Tes Sec Acc Com Machines Accessed 96 | . 6 1 6 8 11 5 4 1 . 4 . . . . 7 . 5 . 1 3 . 1 8 2 11 3 5 3 1 . Terminals 56 | . 6 . 6 7 6 . 4 . . . . . . . . . 2 . . 3 . . 6 . 7 2 4 2 1 . Fabricators . | . . . . . . . . . . . . . . . . . . . . . . . . . . . . . . . Repair Stations 5 | . . . . 1 . . . . . . . . . . . . . . . . . . . . 2 . 1 1 . . Recycling Units 9 | . . . . . 5 . . . . . . . . . . . 2 . . . . . . 1 . 1 . . . . Scanalyzers 3 | . . . . . . . . . . . . . . . . . . . . . . . . 1 2 . . . . . Garrison Access 4 | . . . . . . . . . . . . . . . . . 1 . 1 . . . 2 . . . . . . . Total Hacks 318 | . 19 1 15 21 26 25 7 1 . 32 . . . . 16 . 11 . 2 5 . 25 21 6 35 24 17 8 1 . Successful 207 | . 9 1 7 13 13 25 1 1 . 32 . . . . 16 . 5 . 1 2 . 25 13 4 16 10 8 4 1 . Failed 111 | . 10 . 8 8 13 . 6 . . . . . . . . . 6 . 1 3 . . 8 2 19 14 9 4 . . Catastrophic 18 | . 1 . 1 4 . . 2 . . . . . . . . . 1 . . 1 . . 2 . 3 1 1 1 . . Database Lockouts . | . . . . . . . . . . . . . . . . . . . . . . . . . . . . . . . Manual 138 | . 16 . 14 11 21 . 4 . . . . . . . 1 . 5 . . 3 1 . 16 2 11 17 13 3 . . Terminals 174 | . 19 . 15 18 20 . 7 . . . . . . . . . 4 . . 5 . . 19 . 25 20 15 6 1 . Fabricators . | . . . . . . . . . . . . . . . . . . . . . . . . . . . . . . . Repair Stations 13 | . . . . 3 . . . . . . . . . . . . . . . . . . . . 6 . 2 2 . . Recycling Units 16 | . . . . . 6 . . . . . . . . . . . 4 . . . . . . 2 . 4 . . . . Scanalyzers 8 | . . . . . . . . . . . . . . . . . . . . . . . . 4 4 . . . . . Garrison Access 7 | . . . . . . . . . . . . . . . . . 3 . 2 . . . 2 . . . . . . . Terminal Hacks 144 | . 4 1 2 8 4 25 1 1 . 32 . . . . 16 . . . . 1 . 25 6 . 6 7 2 2 1 . Record 69 | . . . . . . 25 . . . 11 . . . . 7 . . . . . . 25 . . 1 . . . . . Part Schematic 11 | . . . . . . . . . . 11 . . . . . . . . . . . . . . . . . . . . Robot Schematic 7 | . . . . . . . . . . 7 . . . . . . . . . . . . . . . . . . . . Robot Analysis 3 | . 1 . . 2 . . . . . . . . . . . . . . . . . . . . . . . . . . Prototype ID Bank 15 | . . . 1 1 1 . . . . 3 . . . . 8 . . . . . . . 1 . . . . . . . Open Door 6 | . . 1 . 3 . . . 1 . . . . . . 1 . . . . . . . . . . . . . . . Level Access Points 1 | . . . . . . . . . . . . . . . . . . . . . . . 1 . . . . . . . Branch Access Points 4 | . . . 1 . 1 . . . . . . . . . . . . . . . . . . . . 1 . . 1 . Terminal Index 6 | . 1 . . 1 . . . . . . . . . . . . . . . . . . 1 . 1 1 . 1 . . Alert Level 2 | . . . . . . . . . . . . . . . . . . . . . . . . . 1 1 . . . . Unreport Threat 13 | . 2 . . . 2 . . . . . . . . . . . . . . 1 . . 2 . 2 2 1 1 . . Locate Traps 3 | . . . . 1 . . 1 . . . . . . . . . . . . . . . 1 . . . . . . . Patrol Status 1 | . . . . . . . . . . . . . . . . . . . . . . . . . . 1 . . . . Zone Layout 2 | . . . . . . . . . . . . . . . . . . . . . . . . . 1 1 . . . . Protovariant Controls 1 | . . . . . . . . . . . . . . . . . . . . . . . . . . . 1 . . . Fabricator Hacks . | . . . . . . . . . . . . . . . . . . . . . . . . . . . . . . . Repair Station Hacks 9 | . . . . 2 . . . . . . . . . . . . . . . . . . . . 3 . 2 2 . . Scan Component 5 | . . . . 1 . . . . . . . . . . . . . . . . . . . . 2 . 1 1 . . Repair 4 | . . . . 1 . . . . . . . . . . . . . . . . . . . . 1 . 1 1 . . Recycling Unit Hacks . | . . . . . . . . . . . . . . . . . . . . . . . . . . . . . . . Scanalyzer 4 | . . . . . . . . . . . . . . . . . . . . . . . . 2 2 . . . . . Insert Component 4 | . . . . . . . . . . . . . . . . . . . . . . . . 2 2 . . . . . Garrison Access Hacks 4 | . . . . . . . . . . . . . . . . . 1 . 1 . . . 2 . . . . . . . Seal Access 4 | . . . . . . . . . . . . . . . . . 1 . 1 . . . 2 . . . . . . . Unauthorized Hacks 45 | . 5 . 4 3 9 . . . . . . . . . . . 4 . . 1 . . 5 2 5 3 4 . . . Terminals 35 | . 5 . 4 3 5 . . . . . . . . . . . 1 . . 1 . . 5 . 4 3 4 . . . Track 3 | . . . . . . . . . . . . . . . . . . . . . . . . . 1 1 1 . . . Botnet 30 | . 5 . 4 3 5 . . . . . . . . . . . 1 . . 1 . . 4 . 3 1 3 . . . Operators 2 | . . . . . . . . . . . . . . . . . . . . . . . 1 . . 1 . . . . Fabricators . | . . . . . . . . . . . . . . . . . . . . . . . . . . . . . . . Repair Stations . | . . . . . . . . . . . . . . . . . . . . . . . . . . . . . . . Recycling Units 9 | . . . . . 4 . . . . . . . . . . . 3 . . . . . . 2 . . . . . . Recyclers 3 | . . . . . . . . . . . . . . . . . 2 . . . . . . 1 . . . . . . Mask 2 | . . . . . . . . . . . . . . . . . 1 . . . . . . 1 . . . . . . Tunnel 4 | . . . . . 4 . . . . . . . . . . . . . . . . . . . . . . . . . Scanalyzers 1 | . . . . . . . . . . . . . . . . . . . . . . . . . 1 . . . . . Researchers 1 | . . . . . . . . . . . . . . . . . . . . . . . . . 1 . . . . . Garrison Access . | . . . . . . . . . . . . . . . . . . . . . . . . . . . . . . . Data Cores Recovered . | . . . . . . . . . . . . . . . . . . . . . . . . . . . . . . . Used . | . . . . . . . . . . . . . . . . . . . . . . . . . . . . . . . Hacking Detections 61 | . 6 . 4 5 7 . 4 . . . . . . . . . 4 . . 3 . . 6 1 9 3 5 3 1 . Full Trace Events 1 | . . . . . . . . . . . . . . . . . . . . . . . 1 . . . . . . . Feedback Events . | . . . . . . . . . . . . . . . . . . . . . . . . . . . . . . . Feedback Blocked . | . . . . . . . . . . . . . . . . . . . . . . . . . . . . . . . Robot Schematics Acquired 7 | . . . . . . . . . . 7 . . . . . . . . . . . . . . . . . . . . Robots Built . | . . . . . . . . . . . . . . . . . . . . . . . . . . . . . . . Authchips . | . . . . . . . . . . . . . . . . . . . . . . . . . . . . . . . Time . | . . . . . . . . . . . . . . . . . . . . . . . . . . . . . . . Total Robot Build Rating . | . . . . . . . . . . . . . . . . . . . . . . . . . . . . . . . Part Schematics Acquired 11 | . . . . . . . . . . 11 . . . . . . . . . . . . . . . . . . . . Parts Built . | . . . . . . . . . . . . . . . . . . . . . . . . . . . . . . . Authchips . | . . . . . . . . . . . . . . . . . . . . . . . . . . . . . . . Time . | . . . . . . . . . . . . . . . . . . . . . . . . . . . . . . . Total Part Build Rating . | . . . . . . . . . . . . . . . . . . . . . . . . . . . . . . . Parts Repaired 4 | . . . . 1 . . . . . . . . . . . . . . . . . . . . 1 . 1 1 . . Time 156 | . . . . 32 . . . . . . . . . . . . . . . . . . . . 68 . 20 36 . . Parts Recycled . | . . . . . . . . . . . . . . . . . . . . . . . . . . . . . . . Recycled Matter . | . . . . . . . . . . . . . . . . . . . . . . . . . . . . . . . Retrieved Matter . | . . . . . . . . . . . . . . . . . . . . . . . . . . . . . . . Retrieved Components . | . . . . . . . . . . . . . . . . . . . . . . . . . . . . . . . Parts Scanalyzed . | . . . . . . . . . . . . . . . . . . . . . . . . . . . . . . . Part Schematics Acquired . | . . . . . . . . . . . . . . . . . . . . . . . . . . . . . . . Parts Damaged . | . . . . . . . . . . . . . . . . . . . . . . . . . . . . . . . Bothacking | -11 -10 -10 -9 -9 -9 -9 -6 -6 -6 -6 -5 -5 -5 -5 -5 -4 -4 -4 -4 -4 -4 -4 -4 -3 -3 -2 -2 -2 -1 -1 ------------ Run | Yrd Mat Min Mat Sto Rec Scr Fac Low Low Dat Pro Fac Upp Upp War Pro Fac Was Fac Ext Cet Arc Hub Res Qua Res Tes Sec Acc Com Used RIF Installer . | . . . . . . . . . . . . . . . . . . . . . . . . . . . . . . . Robots Hacked 7 | . . . . . . 2 1 . . 1 1 . . . 1 . . . . 1 . . . . . . . . . . Non-combat 4 | . . . . . . . 1 . . . 1 . . . 1 . . . . 1 . . . . . . . . . . Combat 3 | . . . . . . 2 . . . 1 . . . . . . . . . . . . . . . . . . . . Robot Hacks Applied 7 | . . . . . . 2 1 . . 1 1 . . . 1 . . . . 1 . . . . . . . . . . parse_system 6 | . . . . . . 2 . . . 1 1 . . . 1 . . . . 1 . . . . . . . . . . find_chute 1 | . . . . . . . 1 . . . . . . . . . . . . . . . . . . . . . . . Relay Couplers Released 2 | . . . . . . . 1 . . . . . . . . . . . . . . . 1 . . . . . . . Machine Destruction 2 | . . . . . . . 1 . . . . . . . . . . . . . . . 1 . . . . . . . Fabnet Peak Effective % . | . . . . . . . . . . . . . . . . . . . . . . . . . . . . . . . Robots Rewired 16 | . . . . . . . . . 2 . . . . . . . . . . 14 . . . . . . . . . . Allies Hacked 1 | . . . . . . . . . . . . . . . . . . . 1 . . . . . . . . . . . Hacks Repelled . | . . . . . . . . . . . . . . . . . . . . . . . . . . . . . . . Allies | -11 -10 -10 -9 -9 -9 -9 -6 -6 -6 -6 -5 -5 -5 -5 -5 -4 -4 -4 -4 -4 -4 -4 -4 -3 -3 -2 -2 -2 -1 -1 -------- Run | Yrd Mat Min Mat Sto Rec Scr Fac Low Low Dat Pro Fac Upp Upp War Pro Fac Was Fac Ext Cet Arc Hub Res Qua Res Tes Sec Acc Com Total Allies 78 | . . . . 2 . . . . 2 . . 3 . . . . . 19 . 19 5 . . . . . . . 8 20 Largest Group 19 | . . . . 2 . . . . 2 2 2 3 . . . . . 19 19 8 10 8 7 4 2 . . . 5 5 Highest-Rated Group 802 | . . . . 62 . . . . 49 49 49 93 . . . . . 684 684 391 802 708 582 332 187 . . . 69 72 Highest-Rated Ally 159 | . . . . 31 . . . . 29 29 29 31 . . . . . 50 50 159 152 126 96 96 96 . . . 15 15 Total Orders 74 | . . . 2 . . . . 3 . 1 1 1 1 . . . . . . 10 17 4 20 . 12 2 . . . . STAY 34 | . . . . . . . . . . 1 . . . . . . . . . 5 13 2 10 . 3 . . . . . FOLLOW 24 | . . . . . . . . . . . . . . . . . . . . 5 4 2 10 . 3 . . . . . EXPLORE 12 | . . . 2 . . . . 2 . . 1 1 1 . . . . . . . . . . . 3 2 . . . . RETURN 4 | . . . . . . . . 1 . . . . . . . . . . . . . . . . 3 . . . . . Ally Attacks 560 | . . . . 26 . . . . 5 . 6 10 . . . . . . 113 194 33 4 127 13 29 . . . . . Total Damage 16586 | . . . . 295 . . . . 78 . 19 167 . . . . . . 3638 5620 859 140 4561 509 700 . . . . . Kills 94 | . . . . 3 . . . . 2 . 1 . . . . . . . 23 29 5 1 26 2 2 . . . . . Allies Corrupted 1 | . . . . . . . . . . . . . . . . . . . . . . . . . 1 . . . . . Allies Melted 2 | . . . . . . . . . . . . . . . 1 . . . . 1 . . . . . . . . . . Intel | -11 -10 -10 -9 -9 -9 -9 -6 -6 -6 -6 -5 -5 -5 -5 -5 -4 -4 -4 -4 -4 -4 -4 -4 -3 -3 -2 -2 -2 -1 -1 ------- Run | Yrd Mat Min Mat Sto Rec Scr Fac Low Low Dat Pro Fac Upp Upp War Pro Fac Was Fac Ext Cet Arc Hub Res Qua Res Tes Sec Acc Com Robot Analysis Total 3 | . 1 . . 2 . . . . . . . . . . . . . . . . . . . . . . . . . . Derelict Logs Recovered 6 | . . 1 . . . . . 1 . . . . 2 2 . . . . . . . . . . . . . . . . Drone Launches 14 | . . . 2 . . . . 2 . . 1 1 1 . . . . . . . . . . . 5 2 . . . . Drone Recoveries 5 | . . . . . . . . . . . . . . . . . . . . . . . . . 4 1 . . . . Exploration | -11 -10 -10 -9 -9 -9 -9 -6 -6 -6 -6 -5 -5 -5 -5 -5 -4 -4 -4 -4 -4 -4 -4 -4 -3 -3 -2 -2 -2 -1 -1 ------------- Run | Yrd Mat Min Mat Sto Rec Scr Fac Low Low Dat Pro Fac Upp Upp War Pro Fac Was Fac Ext Cet Arc Hub Res Qua Res Tes Sec Acc Com Turns Passed 34024 | 76 1477 972 1537 1007 778 3932 1054 682 1103 188 694 780 760 734 1444 503 1406 932 472 2378 728 608 1048 903 2393 2005 1023 1963 277 167 Spaces Moved 17686 | 61 940 663 752 435 475 2774 571 412 671 115 482 426 433 447 994 288 494 439 225 739 251 158 437 458 770 678 537 1083 242 236 Core 15 | 15 . . . . . . . . . . . . . . . . . . . . . . . . . . . . . . Treads 4701 | . 7 . . 18 . . . . . . . . . . . . 225 . . 589 251 158 437 458 770 678 537 573 . . Legs 988 | . . . . . . . . . . . . . . . . . . . . . . . . . . . . 510 242 236 Wheels 11982 | 46 933 663 752 417 475 2774 571 412 671 115 482 426 433 447 994 288 269 439 225 150 . . . . . . . . . . Hover . | . . . . . . . . . . . . . . . . . . . . . . . . . . . . . . . Flight . | . . . . . . . . . . . . . . . . . . . . . . . . . . . . . . . Fastest Speed 30 | 50 90 130 130 140 155 140 116 131 123 145 123 123 145 130 130 130 160 170 185 185 160 240 160 160 160 151 151 30 30 30 Average Speed 152 | 80 119 130 145 161 155 140 142 131 137 145 123 136 145 133 130 144 210 182 185 234 239 240 220 180 238 159 151 102 85 30 Slowest Speed 320 | 100 160 135 230 320 155 140 155 131 150 145 123 145 145 145 160 160 290 185 185 250 240 240 240 240 240 243 158 241 90 30 Overloaded Moves . | . . . . . . . . . . . . . . . . . . . . . . . . . . . . . . . Propulsion Burnouts . | . . . . . . . . . . . . . . . . . . . . . . . . . . . . . . . Robots Hopped . | . . . . . . . . . . . . . . . . . . . . . . . . . . . . . . . Cave-ins Triggered . | . . . . . . . . . . . . . . . . . . . . . . . . . . . . . . . Teleports 1 | . . . . . . . . . . . . . . . . . . . . . . . . . . . . 1 . . Exploration Rate (%) 57 | 3 97 94 71 84 97 97 16 63 71 75 72 12 59 45 89 53 15 96 12 82 70 83 51 18 79 21 59 67 10 12 Regions Visited 30 Branch Regions 20 Pre-discovered Areas 7 | . . 1 . . 4 . . . . 1 . . . . 1 . . . . . . . . . . . . . . . Known Exits Taken 17 | . . 1 1 . . . 1 . . . . 1 1 1 1 1 . . 1 1 1 1 1 1 1 1 . . 1 . Unknown Exits Taken 11 | 1 1 . . 1 1 1 . 1 1 1 1 . . . . . . . . . . . . . . . 1 1 . . Scrap Searched 11 | . . 1 . . . 5 . . . . 3 . 1 1 . . . . . . . . . . . . . . . . Spaces Dug 345 | . . 7 10 . . . 37 2 24 . 1 10 11 9 4 6 17 17 4 . . . 21 7 30 30 8 51 12 27 Terrain Destroyed 2048 | . . 36 14 36 . . 177 41 152 . 35 99 42 52 35 48 40 123 26 138 1 10 324 11 113 158 131 124 53 29 Melee 10 | . . . . . . . 5 . . . . . . . 4 1 . . . . . . . . . . . . . . Projectile 804 | . . . 2 10 . . 61 41 60 . 14 42 42 52 4 21 39 17 11 52 1 10 12 11 89 79 11 66 28 29 AOE 1229 | . . 36 12 26 . . 111 . 92 . 21 57 . . 27 26 1 106 15 84 . . 312 . 24 79 119 56 25 . Terrain Rammed . | . . . . . . . . . . . . . . . . . . . . . . . . . . . . . . . Walls Destroyed . | . . . . . . . . . . . . . . . . . . . . . . . . . . . . . . . Machines Disabled . | . . . . . . . . . . . . . . . . . . . . . . . . . . . . . . . Actions | -11 -10 -10 -9 -9 -9 -9 -6 -6 -6 -6 -5 -5 -5 -5 -5 -4 -4 -4 -4 -4 -4 -4 -4 -3 -3 -2 -2 -2 -1 -1 --------- Run | Yrd Mat Min Mat Sto Rec Scr Fac Low Low Dat Pro Fac Upp Upp War Pro Fac Was Fac Ext Cet Arc Hub Res Qua Res Tes Sec Acc Com Total 22630 | 77 1128 728 1066 614 503 2830 731 538 797 144 568 582 534 512 1095 351 705 515 262 1095 366 322 502 521 1189 1352 721 1685 291 306 Wait 1978 | . 53 10 152 80 21 9 41 72 41 . 28 30 68 12 1 24 30 14 15 88 67 104 39 19 247 415 74 181 21 22 Move 17657 | 60 939 662 751 434 474 2773 570 411 670 114 481 425 432 446 993 287 494 438 224 738 250 157 436 457 769 677 536 1082 241 236 Hop . | . . . . . . . . . . . . . . . . . . . . . . . . . . . . . . . Pick Up 291 | 6 25 6 27 10 1 12 15 4 2 10 6 18 1 6 17 2 18 2 3 15 7 2 1 5 11 17 10 30 . 2 Fast Attach 177 | 7 . . 6 3 1 5 3 4 . 1 4 6 2 . 12 1 13 5 1 7 4 4 2 4 15 9 22 29 4 3 Attach 163 | . 2 3 13 3 . 2 12 5 4 1 8 8 . 8 9 5 14 . 1 11 . 1 1 3 5 17 6 15 1 5 Detach 103 | . . 2 5 . . 4 2 5 . 4 4 4 . . 6 2 8 1 . 3 4 3 . 3 7 6 10 14 3 3 Swap 369 | . 7 17 18 16 . 5 20 6 19 . 7 18 2 1 13 2 14 17 3 43 8 1 7 11 26 40 10 34 2 2 Drop 353 | . 9 5 26 9 . 18 14 7 2 13 9 21 3 . 18 3 16 7 3 17 17 3 2 7 23 14 28 52 3 4 Fire 1456 | 4 93 23 68 59 6 . 44 24 47 . 20 52 26 39 21 24 98 31 12 144 9 47 14 12 85 156 24 229 16 29 Melee 46 | . . . . . . 2 10 . . 1 1 . . . 5 1 . . . 25 . . . . . . 1 . . . Ram . | . . . . . . . . . . . . . . . . . . . . . . . . . . . . . . . Kick . | . . . . . . . . . . . . . . . . . . . . . . . . . . . . . . . Crush 2 | . . . . . . . . . . . . . . . . . . . . . . . . . 1 1 . . . . Escape Stasis 23 | . . . . . . . . . . . . . . . . . . . . 4 . . . . . . . 19 . . Rewire 12 | . . . . . . . . . 12 . . . . . . . . . . . . . . . . . . . . . Trap . | . . . . . . . . . . . . . . . . . . . . . . . . . . . . . . . Miscellaneous . | . . . . . . . . . . . . . . . . . . . . . . . . . . . . . . . Route ------- -11/Scrapyard -10/Materials (discovered 5 exits: *Mat x2 / *Min x2 / [*Sub]) -10/Mines (discovered 2 exits: *Mat x2) -9/Materials (discovered 5 exits: *Mat x2 / *Min x2 / *Sto) -9/Storage (discovered 2 exits: *Mat / *Rec) -9/Recycling (discovered 2 exits: [*Fac] / *Scr) -9/Scraptown (discovered 2 exits: *Fac x2) -6/Factory -6/Lower Caves -6/Lower Caves (discovered 2 exits: [*Fac] / *Dat) -6/Data Miner -5/Proximity Caves -5/Factory -5/Upper Caves -5/Upper Caves -5/Warlord -4/Proximity Caves -4/Factory (discovered 3 exits: *Res x3) -4/Waste -4/Factory -4/Extension (discovered 2 exits: *Res / *Cet) -4/Cetus (discovered 2 exits: *Res / *Arc) -4/Archives (discovered 3 exits: *Res / *Hub x2) -4/Hub_04(d) (discovered 4 exits: *Res x4) -3/Research (discovered 3 exits: *Res x2 / *Qua) -3/Quarantine -2/Research (discovered 3 exits: *Acc / *Tes x2) -2/Testing (discovered 2 exits: *Acc / *Sec) -2/Section 7 -1/Access -1/Command History --------- Turn | Location | Event 31 | -11/Scrapyard | Discovered new exit (range 14) 77 | -11/Scrapyard | Entered Materials 121 | -10/Materials | Discovered new exit (range 16) 123 | -10/Materials | Discovered new exit (range 14) 316 | -10/Materials | Build established: Mutant 588 | -10/Materials | Discovered new exit (range 14) 679 | -10/Materials | Discovered new exit (range 15) 807 | -10/Materials | Build established: Scavenger-Mutant 953 | -10/Materials | Discovered new exit (range 14) 1451 | -10/Materials | Core integrity fell below 50% 1554 | -10/Materials | Entered Mines 1573 | -10/Mines | Murdered YI-UF0 1582 | -10/Mines | Found Corrupted Prototype Storage 1805 | -10/Mines | Learned location of Storage (-9) 1812 | -10/Mines | Discovered new exit (range 8) 1960 | -10/Mines | Learned location of 1 exit from Materials 2081 | -10/Mines | A weapon hastily lodged in a ceiling crevice suddenly fell to the ground 2274 | -10/Mines | Discovered new exit (range 6) 2284 | -10/Mines | Identified exit to Materials 2476 | -10/Mines | Found the Drone Emporium 2487 | -10/Mines | Found Prototype Device 2524 | -10/Mines | Identified YI-UF0's Bottomless Matter Pit 2526 | -10/Mines | Entered Materials 2526 | -9/Materials | Evolved 2 slots: Utility x1, Weapon x1 2527 | -9/Materials | Identified exit to Materials 2651 | -9/Materials | Lost 3 parts (1p1n1w) 2675 | -9/Materials | Identified Decoy Drone Bay 2685 | -9/Materials | Discovered new exit (range 23) 3134 | -9/Materials | Discovered new exit (range 16) 3218 | -9/Materials | Discovered exit to Materials (range 16) 3410 | -9/Materials | Build established: Tank 3621 | -9/Materials | Identified exit to Mines 3621 | -9/Materials | Identified exit to Storage 4063 | -9/Materials | Entered Storage 4093 | -9/Storage | Met a pair of Derelict thieves 4219 | -9/Storage | Destroyed 7 combat bots 4564 | -9/Storage | Build established: Scavenger-Gunner 4588 | -9/Storage | Discovered exit to Materials (range 16) 4777 | -9/Storage | Repaired Disposable Heat Sink 4795 | -9/Storage | Core integrity fell below 50% 5064 | -9/Storage | Used back door to open Recycling access 5064 | -9/Storage | Discovered new exit (range 5) 5070 | -9/Storage | Entered Recycling 5233 | -9/Recycling | Build established: Scavenger-Tank 5721 | -9/Recycling | Discovered new exit (range 13) 5811 | -9/Recycling | Scanned before Scraplab entrance 5834 | -9/Recycling | Entered Scraplab 5847 | -9/Recycling | Discovered new exit (range 2) 5848 | -9/Recycling | Entered Scraptown 6079 | -9/Scraptown | Heard Great Nut preacher, LISTEN AND RECITE! 6145 | -9/Scraptown | Build established: Scavenger-Mutant 6235 | -9/Scraptown | Discovered new exit (range 3) 6304 | -9/Scraptown | Visited Spacefarers 6396 | -9/Scraptown | Visited Cave Peace 6513 | -9/Scraptown | Visited TADAMA 6565 | -9/Scraptown | Visited CPS Storage 6604 | -9/Scraptown | Visited UFD Registry 6607 | -9/Scraptown | Registered with UFD as "Matrixfunk" 6996 | -9/Scraptown | Visited Red Mages 7066 | -9/Scraptown | Visited IN-MT5's Study 7154 | -9/Scraptown | Visited Junk Repository 7902 | -9/Scraptown | Visited Chapter 10 7948 | -9/Scraptown | Visited Derelict Rescue Squad 7957 | -9/Scraptown | Found DRS Beacon 7988 | -9/Scraptown | Visited Scrapoid Research Area 8250 | -9/Scraptown | Visited Supply Room 8278 | -9/Scraptown | Visited Scrap Suit Storage 8446 | -9/Scraptown | Visited Supply Room 8473 | -9/Scraptown | Visited LU-1G1's Boring Crew 8582 | -9/Scraptown | Discovered new exit (range 5) 8705 | -9/Scraptown | Visited Infowarlord's Domain 8719 | -9/Scraptown | Found Exp. Signal Interpreter 8760 | -9/Scraptown | Visited Science Testing Area 8793 | -9/Scraptown | Visited Modified Component R&D 9395 | -9/Scraptown | Found Scrap Suit 9437 | -9/Scraptown | Found Scrap Suit 9780 | -9/Scraptown | Entered Factory 9780 | -6/Factory | Evolved 6 slots: Propulsion x1, Utility x4, Weapon x1 10086 | -6/Factory | Build established: Scavenger-Tank 10247 | -6/Factory | Discovered new exit (range 16) 10727 | -6/Factory | Identified exit to Lower Caves 10796 | -6/Factory | Cargo convoy interrupted 10816 | -6/Factory | Build established: Scavenger-Scrapper 10834 | -6/Factory | Entered Lower Caves 11065 | -6/Lower Caves | Encountered a Warlord checkpoint 11295 | -6/Lower Caves | Learned 4 Factory zone layouts 11425 | -6/Lower Caves | Discovered new exit (range 30) 11516 | -6/Lower Caves | Entered another Lower Caves area 11575 | -6/Lower Caves | Discovered new exit (range 4) 12070 | -6/Lower Caves | Attracted the attention of an 0b10 outpost 12117 | -6/Lower Caves | Destroyed 7 combat bots 12366 | -6/Lower Caves | Build established: Scavenger-Tank 12548 | -6/Lower Caves | Discovered new exit (range 8) 12619 | -6/Lower Caves | Entered Data Miner 12619 | -6/Data Miner | Accompanied by 2 allies 12629 | -6/Data Miner | Discovered new exit (range 6) 12657 | -6/Data Miner | Met Data Miner 12702 | -6/Data Miner | Learned location of Section 7 (-2) 12702 | -6/Data Miner | Acquired the access code to Warlord's prototype stash 12729 | -6/Data Miner | Received God Mode back door access code from Data Miner 12807 | -6/Data Miner | Entered Proximity Caves 12807 | -5/Proximity Caves | Accompanied by 2 allies 12810 | -5/Proximity Caves | Spotter reported a threat 12810 | -5/Proximity Caves | Spotter reported a threat 12917 | -5/Proximity Caves | Build established: Scavenger-Mutant 12925 | -5/Proximity Caves | Spotter reported a threat 13163 | -5/Proximity Caves | Spotted B-75 Beast 13336 | -5/Proximity Caves | Build established: Scavenger-Tank 13403 | -5/Proximity Caves | Discovered new exit (range 3) 13501 | -5/Proximity Caves | Entered Factory 13501 | -5/Factory | Evolved 2 slots: Propulsion x1, Utility x1 13698 | -5/Factory | Discovered new exit (range 14) 13801 | -5/Factory | Search patrols dispatched 13926 | -5/Factory | Allied Derelicts emerged from ambush trap array 14027 | -5/Factory | Lost 3 allies 14275 | -5/Factory | Identified exit to Upper Caves 14281 | -5/Factory | Entered Upper Caves 14755 | -5/Upper Caves | Identified exit to Upper Caves 14817 | -5/Upper Caves | Learned Factory terminal intel 14841 | -5/Upper Caves | Attracted the attention of an 0b10 checkpoint 15041 | -5/Upper Caves | Entered another Upper Caves area 15279 | -5/Upper Caves | Ambushed by research squad 15343 | -5/Upper Caves | Lost 6 parts (2n3u1w) 15413 | -5/Upper Caves | Discovered new exit (range 11) 15491 | -5/Upper Caves | Attracted the attention of an 0b10 checkpoint 15508 | -5/Upper Caves | Learned 4 Factory zone layouts 15547 | -5/Upper Caves | Learned Factory stockpile data 15772 | -5/Upper Caves | Identified exit to Warlord 15775 | -5/Upper Caves | Entered Warlord 15805 | -5/Warlord | Build established: Derelict-Tank 15809 | -5/Warlord | Discovered new exit (range 13) 15856 | -5/Warlord | System corruption cleaned by Quarantine Array 16339 | -5/Warlord | Learned 4 Armory zone layouts 16339 | -5/Warlord | Learned 4 Armory zone layouts 16340 | -5/Warlord | Learned Factory terminal intel 16340 | -5/Warlord | Learned Research scanalyzer intel 16417 | -5/Warlord | Warlord's base attacked by MAIN.C 16496 | -5/Warlord | Found Prototype Special Weapon 16496 | -5/Warlord | Identified RU-N14's Throwing Claymores v3 16507 | -5/Warlord | Found RU-N14's Throwing Claymores v3 16509 | -5/Warlord | Found RU-N14's Throwing Claymores v3 16512 | -5/Warlord | Found RU-N14's Throwing Claymores v3 16721 | -5/Warlord | Found Prototype Energy Cannon 16721 | -5/Warlord | Identified Vortex Driver 16732 | -5/Warlord | Found Vortex Driver 16767 | -5/Warlord | Warlord forces counterattacked 16834 | -5/Warlord | Rebuked by Warlord 16850 | -5/Warlord | Opened Warlord's prototype stash 16859 | -5/Warlord | Found Prototype Device 16860 | -5/Warlord | Identified System Purifier 16864 | -5/Warlord | Found Prototype Processor 16868 | -5/Warlord | Found System Mapper 16888 | -5/Warlord | Found Prototype Device 16888 | -5/Warlord | Identified Exp. Cloaking Device 16900 | -5/Warlord | Found Prototype Reactor 17017 | -5/Warlord | Build established: Derelict-Mutant 17022 | -5/Warlord | Destroyed Striker 17052 | -5/Warlord | Lost 5 allies 17077 | -5/Warlord | Spotted Executioner 17092 | -5/Warlord | Warlord base infiltrated, sounded retreat 17093 | -5/Warlord | Destroyed Executioner 17114 | -5/Warlord | Destroyed 8 combat bots 17120 | -5/Warlord | Spotted Striker 17124 | -5/Warlord | Destroyed Striker 17127 | -5/Warlord | Found Prototype Ballistic Cannon 17127 | -5/Warlord | Identified Hvy. Autocannon 17147 | -5/Warlord | Lost 6 parts (3u3w) 17158 | -5/Warlord | Spotted Executioner 17162 | -5/Warlord | Destroyed Executioner 17216 | -5/Warlord | Identified exit to Proximity Caves 17217 | -5/Warlord | Spotted Striker 17217 | -5/Warlord | Spotted Executioner 17219 | -5/Warlord | Entered Proximity Caves 17413 | -4/Proximity Caves | Spotted B-86 Titan 17452 | -4/Proximity Caves | Attracted the attention of an 0b10 checkpoint 17655 | -4/Proximity Caves | Discovered new exit (range 7) 17721 | -4/Proximity Caves | Identified exit to Factory 17722 | -4/Proximity Caves | Entered Factory 17722 | -4/Factory | Evolved 2 slots: Power x1, Utility x1 17723 | -4/Factory | Identified exit to Research 17725 | -4/Factory | Loaded intel: 27 terminal locations 17802 | -4/Factory | Build established: Scavenger-Mutant 18456 | -4/Factory | Build established: Scavenger-Gunner 19111 | -4/Factory | Discovered exit to Research (range 5) 19128 | -4/Factory | Sucked down chute 19128 | -4/Factory | Entered Waste 19128 | -4/Waste | Spotted C-40 Crusher 19155 | -4/Waste | Spotted C-40 Crusher 19215 | -4/Waste | Spotted C-40 Crusher 19221 | -4/Waste | Spotted C-40 Crusher 19263 | -4/Waste | Spotted C-40 Crusher 19265 | -4/Waste | Destroyed C-40 Crusher 19302 | -4/Waste | Destroyed C-40 Crusher 19305 | -4/Waste | Destroyed C-40 Crusher 19352 | -4/Waste | Destroyed C-40 Crusher 19355 | -4/Waste | Destroyed C-40 Crusher 19365 | -4/Waste | Spotted C-40 Crusher 19383 | -4/Waste | Destroyed C-40 Crusher 19624 | -4/Waste | Warlord forces began an assault 19816 | -4/Waste | Discovered new exit (range 13) 20044 | -4/Waste | Identified exit to Factory 20060 | -4/Waste | Entered Factory 20060 | -4/Factory | Accompanied by 19 allies 20061 | -4/Factory | Loaded intel: 27 terminal locations 20391 | -4/Factory | Lost 8 allies 20412 | -4/Factory | Spotted B-86 Titan 20417 | -4/Factory | Allies destroyed B-86 Titan 20498 | -4/Factory | Discovered new exit (range 14) 20520 | -4/Factory | Identified exit to Extension 20532 | -4/Factory | Entered Extension 20532 | -4/Extension | Accompanied by 8 allies 20782 | -4/Extension | First assault squad dispatched 20787 | -4/Extension | Spotted B-86 Titan 20809 | -4/Extension | Allies destroyed B-86 Titan 20853 | -4/Extension | Spotted B-86 Titan 20882 | -4/Extension | Disrupted transfer network 20907 | -4/Extension | Destroyed B-86 Titan 20914 | -4/Extension | Lost 6 allies 20928 | -4/Extension | Destroyed 7 combat bots 20935 | -4/Extension | Lost 3 parts (1n1u1w) 21271 | -4/Extension | Rescued a captive Derelict 21601 | -4/Extension | Lost 5 allies 21740 | -4/Extension | Rescued a captive Derelict 21898 | -4/Extension | Identified Vortex Chain Reactor 22134 | -4/Extension | Build established: Scavenger-Tank 22290 | -4/Extension | Rescued a captive Derelict 22719 | -4/Extension | Rescued A7 22752 | -4/Extension | Rescued a captive Derelict 22831 | -4/Extension | Disrupted transfer network 22831 | -4/Extension | Discovered exit to Research (range 10) 22840 | -4/Extension | Discovered new exit (range 6) 22859 | -4/Extension | System corruption reached 10% 22871 | -4/Extension | Found Prototype Protection 22893 | -4/Extension | Identified exit to Cetus 22902 | -4/Extension | Identified Med. Regenerative Plating 22910 | -4/Extension | Entered Cetus 22910 | -4/Cetus | Accompanied by 6 allies (A7) 22915 | -4/Cetus | Acquired a Cetus Manufacturing Module code from A7 22936 | -4/Cetus | Spotted Cetus Guard 22936 | -4/Cetus | Spotted Cetus Guard 22937 | -4/Cetus | Spotted Cetus Guard 22939 | -4/Cetus | Spotted Cetus Guard 22941 | -4/Cetus | Destroyed Cetus Guard 22945 | -4/Cetus | Allies destroyed Cetus Guard 22949 | -4/Cetus | Allies destroyed Cetus Guard 22951 | -4/Cetus | Allies destroyed Cetus Guard 23108 | -4/Cetus | Started Cetus Manufacturing Module 23122 | -4/Cetus | Discovered new exit (range 21) 23133 | -4/Cetus | Manufactured an Enhanced Grunt 23158 | -4/Cetus | Manufactured an Enhanced Grunt 23170 | -4/Cetus | Identified exit to Archives 23183 | -4/Cetus | Manufactured an Enhanced Grunt 23190 | -4/Cetus | Build established: Scavenger-Gunner 23208 | -4/Cetus | Manufactured an Enhanced Grunt 23233 | -4/Cetus | Manufactured an Enhanced Grunt 23352 | -4/Cetus | Spotted Cetus Guard 23352 | -4/Cetus | Spotted Cetus Guard 23352 | -4/Cetus | Spotted Cetus Guard 23360 | -4/Cetus | Spotted Cetus Guard 23365 | -4/Cetus | Allies destroyed Cetus Guard 23368 | -4/Cetus | Destroyed Cetus Guard 23371 | -4/Cetus | Allies destroyed Cetus Guard 23372 | -4/Cetus | Destroyed Cetus Guard 23388 | -4/Cetus | Discovered exit to Research (range 22) 23414 | -4/Cetus | Met Revision 17 23498 | -4/Cetus | Build established: Commander-Gunner 23638 | -4/Cetus | Entered Archives 23638 | -4/Archives | Accompanied by 8 allies (A7) 23742 | -4/Archives | Discovered new exit (range 21) 23751 | -4/Archives | Discovered new exit (range 20) 23768 | -4/Archives | Unable to access archive contents 23792 | -4/Archives | Discovered exit to Research (range 21) 24239 | -4/Archives | Identified exit to Hub_04(d) 24246 | -4/Archives | Entered Hub_04(d) 24246 | -4/Hub_04(d) | Accompanied by 7 allies 24469 | -4/Hub_04(d) | Build established: Scavenger-Skirmisher 24712 | -4/Hub_04(d) | Disrupted transfer network 25180 | -4/Hub_04(d) | Found Prototype Device 25180 | -4/Hub_04(d) | Identified Exp. Thermal Shield 25246 | -4/Hub_04(d) | First assault squad dispatched 25284 | -4/Hub_04(d) | Network Hub disabled 25284 | -4/Hub_04(d) | Network Hub disabled 25294 | -4/Hub_04(d) | Entered Research 25294 | -3/Research | Accompanied by 4 allies 25294 | -3/Research | Evolved 2 slots: Utility x2 25295 | -3/Research | Loaded intel: 6 scanalyzer locations 25494 | -3/Research | Revision forces began assault on 0b10 25502 | -3/Research | Met up with Revision 17++ 25564 | -3/Research | Identified Exp. Target Analyzer 25805 | -3/Research | Discovered new exit (range 22) 25837 | -3/Research | Identified exit to Research 25964 | -3/Research | Discovered exit to Research (range 22) 25994 | -3/Research | Research terminal network offline 26103 | -3/Research | Discovered new exit (range 19) 26103 | -3/Research | Spotted B-90 Cyclops 26115 | -3/Research | Allies destroyed B-90 Cyclops 26161 | -3/Research | Lost 5 allies 26183 | -3/Research | Identified exit to Quarantine 26197 | -3/Research | Entered Quarantine 26197 | -3/Quarantine | Accompanied by 2 allies 26202 | -3/Quarantine | Spotted Alpha 7 26222 | -3/Quarantine | Destroyed Alpha 7 26569 | -3/Quarantine | Found Alien Artifact 26669 | -3/Quarantine | Found Alien Artifact 26767 | -3/Quarantine | Found Prototype Launcher 26767 | -3/Quarantine | Identified Com. Tesla Bomb Launcher 26880 | -3/Quarantine | Found Alien Artifact 27054 | -3/Quarantine | Found Fusion Bomb Launcher 27137 | -3/Quarantine | Identified Core Reset Matrix 27137 | -3/Quarantine | Identified Phase Redirector 27287 | -3/Quarantine | Found Alien Slashing Weapon 27287 | -3/Quarantine | Identified Sigix Broadsword 27605 | -3/Quarantine | System corruption reached 10% 27749 | -3/Quarantine | Found Alien Impact Weapon 28221 | -3/Quarantine | Found Alien Energy Cannon 28221 | -3/Quarantine | Identified Core Cannon 28341 | -3/Quarantine | Repaired Broken Centrium Heavy Treads 28403 | -3/Quarantine | Discovered exit to Research (range 8) 28590 | -3/Quarantine | Entered Research 28590 | -2/Research | Evolved 2 slots: Propulsion x1, Utility x1 28665 | -2/Research | Identified exit to Testing 29249 | -2/Research | Build established: Scavenger-Gunner 29472 | -2/Research | System corruption reached 10% 29844 | -2/Research | Spotted B-90 Cyclops 30061 | -2/Research | Destroyed B-90 Cyclops 30116 | -2/Research | First assault squad dispatched 30363 | -2/Research | System corruption reached 30% 30415 | -2/Research | Lost 7 parts (2p3u2w) 30442 | -2/Research | Discovered new exit (range 13) 30586 | -2/Research | Found Exp. Thermal Shield 30595 | -2/Research | Entered Testing 30653 | -2/Testing | Found Prototype Ballistic Gun 30653 | -2/Testing | Identified Hyp. Multirail 30657 | -2/Testing | Identified Subatomic Replicator 30657 | -2/Testing | Identified Core Stripper 30657 | -2/Testing | Used Core Reset Matrix 30759 | -2/Testing | Spotted PP-D1IHGIUYMX 30795 | -2/Testing | Protovariant out of control (PP-D1IHGIUYMX) 30795 | -2/Testing | Unleashed a protovariant (PP-D1IHGIUYMX) 30929 | -2/Testing | Discovered new exit (range 9) 30966 | -2/Testing | Repaired Imp. Heavy Treads 31041 | -2/Testing | Found Prototype Device 31041 | -2/Testing | Identified Exp. Force Field 31196 | -2/Testing | Found Unknown Launcher 31196 | -2/Testing | Identified Gamma Bomb Array 31324 | -2/Testing | Found Prototype Energy Gun 31324 | -2/Testing | Identified Hyp. EM Gauss Rifle 31426 | -2/Testing | Spotted Fortress 31435 | -2/Testing | Destroyed Fortress 31443 | -2/Testing | Found Exp. Force Field 31446 | -2/Testing | Found Prototype Device 31446 | -2/Testing | Identified Exp. EM Disruption Field 31459 | -2/Testing | Found Unknown Protection 31459 | -2/Testing | Identified Hvy. Insulated Plating 31464 | -2/Testing | Found Prototype Protection 31464 | -2/Testing | Identified Centrium Heavy Armor Plating 31472 | -2/Testing | Found Prototype Device 31472 | -2/Testing | Identified Thermal Barrier 31508 | -2/Testing | Found Vortex Chain Reactor 31610 | -2/Testing | Discovered new exit (range 5) 31618 | -2/Testing | Entered Section 7 31619 | -2/Section 7 | Sensed 23 artifacts in vicinity 31748 | -2/Section 7 | Found Integrity Redistributor 31797 | -2/Section 7 | Discovered new exit (range 5) 31916 | -2/Section 7 | First assault squad dispatched 31930 | -2/Section 7 | Destroyed 8 combat bots 32005 | -2/Section 7 | Destroyed 11 combat bots 32068 | -2/Section 7 | Found Integrated Dissipator 32068 | -2/Section 7 | Installed Integrated Dissipator, increased core heat dissipation (+20) 32147 | -2/Section 7 | Repaired Centrium Heavy Armor Plating 32171 | -2/Section 7 | Spotted S7 Guard 32204 | -2/Section 7 | Found Integrated Mediator 32204 | -2/Section 7 | Installed Integrated Mediator, increased core attachment efficiency 32228 | -2/Section 7 | Build established: Hacker-Gunner 32424 | -2/Section 7 | Spotted Alpha 7 32679 | -2/Section 7 | High security lockdown imminent 32715 | -2/Section 7 | Destroyed 16 combat bots 32741 | -2/Section 7 | Spotted Executioner 32746 | -2/Section 7 | Spotted Executioner 32758 | -2/Section 7 | Destroyed Executioner 32759 | -2/Section 7 | High security lockdown engaged 32762 | -2/Section 7 | Destroyed Executioner 32805 | -2/Section 7 | Destroyed 7 combat bots 32824 | -2/Section 7 | Found Prototype Device 32825 | -2/Section 7 | Identified Adv. Kinecellerator 32831 | -2/Section 7 | Found Prototype Processor 32831 | -2/Section 7 | Identified Exp. Core Analyzer 32852 | -2/Section 7 | Found Exp. Core Analyzer 32930 | -2/Section 7 | Found Transdimensional Reconstructor 32994 | -2/Section 7 | Spotted Striker 32994 | -2/Section 7 | Spotted Striker 33013 | -2/Section 7 | Destroyed Investigator 33047 | -2/Section 7 | Destroyed 12 combat bots 33081 | -2/Section 7 | Spotted Executioner 33092 | -2/Section 7 | Spotted Executioner 33117 | -2/Section 7 | Spotted Striker 33119 | -2/Section 7 | Spotted Executioner 33120 | -2/Section 7 | Build established: Alien-Gunner 33138 | -2/Section 7 | Destroyed Executioner 33140 | -2/Section 7 | Destroyed Striker 33190 | -2/Section 7 | Destroyed 10 combat bots 33193 | -2/Section 7 | Spotted Striker 33243 | -2/Section 7 | Integrated with Sigix Exoskeleton 33252 | -2/Section 7 | Found Exp. Core Analyzer 33255 | -2/Section 7 | Destroyed 7 combat bots 33302 | -2/Section 7 | Destroyed Striker 33341 | -2/Section 7 | Spotted Executioner 33341 | -2/Section 7 | Spotted Executioner 33341 | -2/Section 7 | Spotted Striker 33349 | -2/Section 7 | Core integrity fell below 50% 33351 | -2/Section 7 | Sigix Exoskeleton integrity reduced to 80% 33353 | -2/Section 7 | Spotted Striker 33360 | -2/Section 7 | Destroyed Executioner 33370 | -2/Section 7 | Warped through subspace 33381 | -2/Section 7 | Destroyed 12 combat bots 33401 | -2/Section 7 | Spotted B-99 Colossus 33413 | -2/Section 7 | Found Integrated Dissipator 33413 | -2/Section 7 | Installed Integrated Dissipator, increased core heat dissipation (+20) 33519 | -2/Section 7 | Destroyed Striker 33523 | -2/Section 7 | Destroyed Striker 33529 | -2/Section 7 | Build established: Alien-Sigix 33530 | -2/Section 7 | Spotted Striker 33530 | -2/Section 7 | Spotted Striker 33533 | -2/Section 7 | Found Sigix Shearcannon 33539 | -2/Section 7 | Sigix Exoskeleton integrity reduced to 60% 33541 | -2/Section 7 | Spotted Striker 33541 | -2/Section 7 | Spotted Executioner 33547 | -2/Section 7 | Spotted Executioner 33581 | -2/Section 7 | Entered Access 33581 | -1/Access | Evolved 2 slots: Power x1, Utility x1 33586 | -1/Access | Emitted hypermatrix ping 33591 | -1/Access | Assembled emerged from beneath the floor 33591 | -1/Access | Identified exit to Command 33763 | -1/Access | Garrison activated, responded to threat 33855 | -1/Access | Spotted B-99 Colossus 33855 | -1/Access | Spotted B-99 Colossus 33858 | -1/Access | Entered Command 33859 | -1/Command | Sensed 1 artifact in vicinity 33863 | -1/Command | Emitted hypermatrix ping 33868 | -1/Command | Assembled emerged from beneath the floor 33912 | -1/Command | Assembled emerged from beneath the floor 33936 | -1/Command | Assembled emerged from beneath the floor 33966 | -1/Command | Met MAIN.C 33969 | -1/Command | 0b10 Conduit disabled 33991 | -1/Command | MAIN.C's shell transforms into a squad of autonomous robots 33991 | -1/Command | Destroyed MAIN.C Shell 33991 | -1/Command | Spotted M Shell/Def 33991 | -1/Command | Spotted M Shell/Atk 33991 | -1/Command | Spotted M Shell/Def 33991 | -1/Command | Spotted M Shell/Atk 33991 | -1/Command | Spotted M Shell/Atk 33991 | -1/Command | Spotted M Shell/Def 33991 | -1/Command | Spotted M Shell/Atk 33991 | -1/Command | Spotted M Shell/Def 33993 | -1/Command | MAIN.C activated Command garrisons 33999 | -1/Command | Destroyed M Shell/Def 33999 | -1/Command | Destroyed M Shell/Def 34003 | -1/Command | Sigix Exoskeleton integrity reduced to 40% 34005 | -1/Command | Destroyed M Shell/Def 34007 | -1/Command | Destroyed M Shell/Def 34011 | -1/Command | Core integrity fell below 50% 34011 | -1/Command | Destroyed M Shell/Atk 34012 | -1/Command | Sigix Exoskeleton integrity reduced to 20% 34015 | -1/Command | Destroyed M Shell/Atk 34022 | -1/Command | Spotted Combat Programmer 34025 | -1/Command | Spotted Combat Programmer 34025 | -1/Command | Exoskeleton Destroyed Last Messages --------------- 34013_ Quantum Shear penetrates MAIN.C. 34013_ Quantum Shear penetrates M Shell/Atk. 34014_ Knocked back. 34015_ Acquired 26 matter. 34015_ Quantum Shear penetrates M Shell/Atk. 34015_ Quantum Shear penetrates MAIN.C. 34015_ Quantum Shear penetrates M Shell/Atk. 34015_ M Shell/Atk destroyed. 34017_ Imp. Armor Integrity Analyzer destroyed. 34017_ Critical hit (Blast). 34017_ Quantum Shear penetrates M Shell/Atk. 34021_ Quantum Shear penetrates MAIN.C. 34021_ Quantum Shear penetrates M Shell/Atk. 34021_ M Shell/Atk Unknown Reactor severed. 34022_ Critical hit (Meltdown: +330). 34023_ Penetrated by EMDS Slug. 34024_ Quantum Shear penetrates M Shell/Atk. 34025_ EMDS Slug penetrates 0b10 Conduit. 34025_ Penetrated by EMDS Slug. 34025_ Sigix Exoskeleton destroyed. Map ----- +----------------------------------------------------+ | ???????????####################################### | | ?????????######################################### | | ????????########################################## | | ??????############################################ | | ?????############################################# | | ????############################################## | | ???############################################### | | ???##""""""" """" ######################## | | ??###"" "" ######################## | | ?####""""" "" ######################## | | ?####""""""""" " ## | | ?####" " " ## | | #####"" /Y YC p " | | #####"" pp###################"""## | | ##### ###################"""## | | ##### !%=!! ###################"""## | | ##### =!M%]! ################### T# | | #####""" %!%=!% " ###################+++## | | #####"" !!!%! """ ################### | | ##### **!!!Y"""" ################### | | ### " "!*Y! %" ################### | | ##### " *=!% %################### | | """ " " "* ################### | | ? """ """ " " % %################### # | | ? """ " " " % %######################## | | ?#### """""""""" X######################## | | ??### " """ " """""% ######################## | | ???## """ " " " % ######################## | | ???############################################### | | ????############################################## | | ?????#########################################??#? | | ??????####################################???????? | | ???????###################################???????? | | ????????##################################???????? | | ?????????################################????????? | | ??????????##############################?????????? | | ???????????#############################?????????? | | ????????????###########################??????????? | | ?????????????#########################???????????? | | ??????????????#######################????????????? | | ????????????????###################??????????????? | | ?????????????????#################???????????????? | | ????????????????????###########??????????????????? | | ?????????????????????????#???????????????????????? | | ?????????????????????????????????????????????????? | | ?????????????????????????????????????????????????? | | ?????????????????????????????????????????????????? | | ?????????????????????????????????????????????????? | | ?????????????????????????????????????????????????? | | ?????????????????????????????????????????????????? | +----------------------------------------------------+ Best States ------------- Heat Dissipation 162 Coolant Potential 115 Energy Generation 87 Energy Capacity 1050 Matter Stores 300 Matter Capacity 300 Sight Range 23 Robot Scan Range 16 Terrain Scan Density 10 Jamming Range 16 Cloak Strength 4 Additional Mass Support 12 EM Shielding 4 Armor Coverage 1350 Resistance: KI 50 Resistance: TH 50 Resistance: EX 50 Resistance: EM 75 Resistance: I 50 Resistance: S 50 Resistance: P 50 Propulsion Shielding 66 Utility Shielding 66 Point Defense Rating 240 Weapon Cycling 25 Evasion (%) 69 Targeting Accuracy 16 Target Analysis 14 Core Analysis 8 Armor Integrity Analysis 40 Recoil Reduction 5 Energy Filtering 30 Kinecelleration 40 Offensive Hacking 24 Item Schematics ----------------- None Robot Schematics ------------------ None Fabricated ------------ Nothing Alien Tech Used ----------------- Sigix Broadsword Core Cannon Core Reset Matrix Core Stripper Integrated Dissipator Integrated Mediator Sigix Exoskeleton Sigix Sheargun Transdimensional Reconstructor Sigix Shearcannon Achievements -------------- None Challenges ------------ None Game ------ Seed EnhancedCentriumFragment Manual? 0 Play Time 08:26:53 Cumulative 1302.5 hours Start 2024.08.11 @ 15:24:06 End 2024.08.12 @ 03:53:16 Sessions 3 Manual Loads 0 Difficulty Rogue Special Mode None Game No. 464 Rogue 464 Adventurer 0 Explorer 0 Win Type - Total 28 Types 14/2/8/0/0/0/4/0/0 Lore% 68 Gallery% 87 Achievement% 85 Wizard Run 0 Options --------- Layout 1 ASCII 0 Keyboard 0 Movement Vi Keybinds 0 Fullscreen 0 Font 14/CherryShadow Map View 64x42 Zoom Use 0% Tactical HUD 1 Map Filters NONE Filters NONE Steam 1 RUN: a230fd88-4254-424b-a4f2-61e72fa58e53